Workbook

Sheet ORÇAMENTO
B3: (INSERIR LOGOTIPO DA EMPRESA) | D3: INSERIR NOME DA EMPRESA
D4: (INSERIR CNPJ DA EMPRESA) | L4: BDI | M4: =BDI!F28 -> 0.2787
D5: OBRA : ADEQUAÇÃO PARA ESPAÇO DE INOVAÇÃO NO CLM
D6: Local: Campus Luiz Meneghel, Bandeirantes, PR | L6: Total S/BDI | M6: =M7/(1+M4) -> 837617.56
L7: Total c/BDI | M7: =SUM(N12:N439) -> 1071061.6 | N7: ← Proposta
D8: (INSERIR NOME DO RESPONSÁVEL TÉCNICO PELA PROPOSTA)
A11: ITEM | B11: RESUMO | C11: CÓDIGO | D11: DESCRIÇÃO DOS SERVIÇOS | E11: UN | F11: QTD | G11: UNITÁRIO (SEM BDI) | J11: TOTAL (Valores sem BDI) | M11: VALOR TOTAL C/ BDI
G12: MATERIAL + EQ | H12: MÃO DE OBRA | I12: TOTAL | J12: MATERIAL | K12: MÃO DE OBRA | L12: TOTAL
B13: PRÉDIO CENTRAL
A14: 1 | B14: SERVIÇOS PRELIMINARES | I14: =SUM(I15:I17) -> 756.15 | J14: =SUM(J15:J17) -> 5797.5 | K14: =SUM(K15:K17) -> 22.5 | L14: =SUM(L15:L17) -> 5820 | M14: =SUM(M15:M17) -> 7442.04 | N14: =M14 -> 7442.04
A15: 1.1 | B15: PLACA DE OBRA | C15: 4813 | D15: PLACA DE OBRA (PARA CONSTRUCAO CIVIL) EM CHAPA GALVANIZADA *N. 22*, ADESIVADA, DE *2,4 X 1,2* M (SEM POSTES PARA FIXACAO) | E15: M² | F15: 6 | G15: 285 | H15: 0 | I15: =G15+H15 -> 285 | J15: =G15*F15 -> 1710 | K15: =H15*F15 -> 0 | L15: =J15+K15 -> 1710 | M15: =ROUND(L15*(1+$M$4),2) -> 2186.58
A16: 1.2 | B16: CONTAINER PARA ALMOXARIFADO | C16: 10776 | D16: LOCACAO DE CONTAINER 2,30 X 6,00 M, ALT. 2,50 M | E16: MÊS | F16: 8 | G16: 468.75 | H16: 0 | I16: =G16+H16 -> 468.75 | J16: =G16*F16 -> 3750 | K16: =H16*F16 -> 0 | L16: =J16+K16 -> 3750 | M16: =ROUND(L16*(1+$M$4),2) -> 4795.13
A17: 1.3 | B17: LONAS PARA PROTEÇÕES DIVERSAS | C17: 97113 | D17: LONA PLASTICA EXTRA FORTE PRETA, E = 200 MICRA | E17: M² | F17: 150 | G17: 2.25 | H17: 0.15 | I17: =G17+H17 -> 2.4 | J17: =G17*F17 -> 337.5 | K17: =H17*F17 -> 22.5 | L17: =J17+K17 -> 360 | M17: =ROUND(L17*(1+$M$4),2) -> 460.33
A19: 2 | B19: DEMOLIÇÕES E RETIRADAS | J19: =SUM(J20:J31) -> 5489.668 | K19: =SUM(K20:K31) -> 10592.798 | L19: =SUM(L20:L31) -> 16082.466 | M19: =SUM(M20:M31) -> 20564.64 | N19: =M19 -> 20564.64
A20: 2.1 | B20: REMOÇÃO DE PORTAS | C20: 97644 | D20: REMOÇÃO DE PORTAS, DE FORMA MANUAL, SEM REAPROVEITAMENTO. AF_12/2017 | E20: m² | F20: 17 | G20: 2.51 | H20: 5.93 | I20: =SUM(G20:H20) -> 8.44 | J20: =G20*F20 -> 42.67 | K20: =H20*F20 -> 100.81 | L20: =I20*F20 -> 143.48 | M20: =ROUND(L20*(1+$M$4),2) -> 183.47
A21: 2.2 | B21: REMOÇÃO DE JANELAS | C21: 97645 | D21: REMOÇÃO DE JANELAS, DE FORMA MANUAL, SEM REAPROVEITAMENTO. AF_12/2017 | E21: m² | F21: 102.15 | G21: 15.65 | H21: 16.35 | I21: =SUM(G21:H21) -> 32 | J21: =G21*F21 -> 1598.6475 | K21: =H21*F21 -> 1670.1525 | L21: =I21*F21 -> 3268.8 | M21: =ROUND(L21*(1+$M$4),2) -> 4179.81
A22: 2.3 | B22: DEMOLIÇÃO DE PISO TACO E CERÂMICO | C22: 97643 | D22: REMOÇÃO DE PISO DE MADEIRA (ASSOALHO E BARROTE), DE FORMA MANUAL, SEM REAPROVEITAMENTO. AF_12/2017 | E22: m² | F22: 393 | G22: 6.73 | H22: 15.68 | I22: =SUM(G22:H22) -> 22.41 | J22: =G22*F22 -> 2644.89 | K22: =H22*F22 -> 6162.24 | L22: =I22*F22 -> 8807.13 | M22: =ROUND(L22*(1+$M$4),2) -> 11261.68
A23: 2.4 | B23: DEMOLIÇÃO DE REVESTIMENTO CERÂMICO - PAREDES DO LABORATÓRIO | C23: 97634 | D23: DEMOLIÇÃO DE REVESTIMENTO CERÂMICO, DE FORMA MECANIZADA COM MARTELETE, SEM REAPROVEITAMENTO. AF_12/2017 | E23: m² | F23: 139.45 | G23: 3.53 | H23: 7.79 | I23: =SUM(G23:H23) -> 11.32 | J23: =G23*F23 -> 492.2585 | K23: =H23*F23 -> 1086.3155 | L23: =I23*F23 -> 1578.574 | M23: =ROUND(L23*(1+$M$4),2) -> 2018.52
A24: 2.5 | B24: DEMOLIÇÃO DE ALVENARIAS - ABERTURA DE PASSAGENS/PORTAS | C24: 97621 | D24: DEMOLIÇÃO DE ALVENARIA DE BLOCO FURADO, DE FORMA MANUAL, COM REAPROVEITAMENTO. AF_12/2017 | E24: m³ | F24: 9.5 | G24: 34.12 | H24: 71.94 | I24: =SUM(G24:H24) -> 106.06 | J24: =G24*F24 -> 324.14 | K24: =H24*F24 -> 683.43 | L24: =I24*F24 -> 1007.57 | M24: =ROUND(L24*(1+$M$4),2) -> 1288.38
A25: 2.6 | B25: DEMOLIÇÃO DE BANCADAS - APOIOS | C25: 97621 | D25: DEMOLIÇÃO DE ALVENARIA DE BLOCO FURADO, DE FORMA MANUAL, COM REAPROVEITAMENTO. AF_12/2017 | E25: m³ | F25: 1.2 | G25: 34.12 | H25: 71.94 | I25: =SUM(G25:H25) -> 106.06 | J25: =G25*F25 -> 40.944 | K25: =H25*F25 -> 86.328 | L25: =I25*F25 -> 127.272 | M25: =ROUND(L25*(1+$M$4),2) -> 162.74
A26: 2.7 | B26: DEMOLIÇÃO DE ALVENARIAS - CASA DE GÁS | C26: 97621 | D26: DEMOLIÇÃO DE ALVENARIA DE BLOCO FURADO, DE FORMA MANUAL, COM REAPROVEITAMENTO. AF_12/2017 | E26: m³ | F26: 1.4 | G26: 34.12 | H26: 71.94 | I26: =SUM(G26:H26) -> 106.06 | J26: =G26*F26 -> 47.768 | K26: =H26*F26 -> 100.716 | L26: =I26*F26 -> 148.484 | M26: =ROUND(L26*(1+$M$4),2) -> 189.87
A27: 2.8 | B27: DEMOLIÇÃO DE BANCADAS - LAJES | C27: 97628 | D27: DEMOLIÇÃO DE LAJES, DE FORMA MANUAL, SEM REAPROVEITAMENTO. AF_12/2017 | E27: m³ | F27: 2.2 | G27: 82.25 | H27: 173.23 | I27: =SUM(G27:H27) -> 255.48 | J27: =G27*F27 -> 180.95 | K27: =H27*F27 -> 381.106 | L27: =I27*F27 -> 562.056 | M27: =ROUND(L27*(1+$M$4),2) -> 718.7
A28: 2.9 | B28: DESLIGAMENTO E REMOÇÃO DE FIOS E TOMADAS | C28: 97660 | D28: REMOÇÃO DE INTERRUPTORES/TOMADAS ELÉTRICAS, DE FORMA MANUAL, SEM REAPROVEITAMENTO. AF_12/2017 | E28: un | F28: 50 | G28: 0.16 | H28: 0.44 | I28: =SUM(G28:H28) -> 0.6 | J28: =G28*F28 -> 8 | K28: =H28*F28 -> 22 | L28: =I28*F28 -> 30 | M28: =ROUND(L28*(1+$M$4),2) -> 38.36
A29: 2.10 | B29: DESLIGAMENTO E REMOÇÃO DE ELETRODUTOS, FIOS E TOMADAS | C29: 97661 | D29: REMOÇÃO DE CABOS ELÉTRICOS, DE FORMA MANUAL, SEM REAPROVEITAMENTO. AF_12/2017 | E29: m | F29: 500 | G29: 0.16 | H29: 0.45 | I29: =SUM(G29:H29) -> 0.61 | J29: =G29*F29 -> 80 | K29: =H29*F29 -> 225 | L29: =I29*F29 -> 305 | M29: =ROUND(L29*(1+$M$4),2) -> 390
A30: 2.11 | B30: DESLIGAMENTO E REMOÇÃO DE TUBULAÇÕES: GÁS, ÁGUA, ESGOTO | C30: 97662 | D30: REMOÇÃO DE TUBULAÇÕES (TUBOS E CONEXÕES) DE ÁGUA FRIA, DE FORMA MANUAL, SEM REAPROVEITAMENTO. AF_12/2017 | E30: m | F30: 30 | G30: 0.09 | H30: 0.35 | I30: =SUM(G30:H30) -> 0.44 | J30: =G30*F30 -> 2.7 | K30: =H30*F30 -> 10.5 | L30: =I30*F30 -> 13.2 | M30: =ROUND(L30*(1+$M$4),2) -> 16.88
A31: 2.12 | B31: DESLIGAMENTO E REMOÇÃO DE TUBULAÇÕES: GÁS, ÁGUA, ESGOTO | C31: 97631 | D31: DEMOLIÇÃO DE ARGAMASSAS, DE FORMA MANUAL, SEM REAPROVEITAMENTO. AF_12/2017 | E31: m² | F31: 30 | G31: 0.89 | H31: 2.14 | I31: =SUM(G31:H31) -> 3.03 | J31: =G31*F31 -> 26.7 | K31: =H31*F31 -> 64.2 | L31: =I31*F31 -> 90.9 | M31: =ROUND(L31*(1+$M$4),2) -> 116.23
A33: 3 | B33: CONSTRUÇÕES E REGULARIZAÇÕES | J33: =SUM(J34:J47) -> 15023.424 | K33: =SUM(K34:K47) -> 8856.594 | L33: =SUM(L34:L47) -> 23880.018 | M33: =SUM(M34:M47) -> 30535.38 | N33: =M33 -> 30535.38
A34: 3.1 | B34: REGULARIZAÇÃO DO CONTRAPISO EXISTENTE | C34: 87299 | D34: ARGAMASSA TRAÇO 1:3 (EM VOLUME DE CIMENTO E AREIA MÉDIA ÚMIDA) PARA CONTRAPISO, PREPARO MECÂNICO COM BETONEIRA 600 L. AF_08/2019 | E34: m³ | F34: 12 | G34: 292.34 | H34: 55.58 | I34: =G34+H34 -> 347.92 | J34: =G34*F34 -> 3508.08 | K34: =H34*F34 -> 666.96 | L34: =J34+K34 -> 4175.04 | M34: =ROUND(L34*(1+$M$4),2) -> 5338.62
A35: 3.2 | B35: REGULARIZAÇÃO DA PAREDE - LABORATÓRIO | C35: 87879 | D35: CHAPISCO APLICADO EM ALVENARIAS E ESTRUTURAS DE CONCRETO INTERNAS, COM COLHER DE PEDREIRO. ARGAMASSA TRAÇO 1:3 COM PREPARO EM BETONEIRA 400L. AF_06/2014 | E35: m² | F35: 140 | G35: 1.96 | H35: 1.68 | I35: =G35+H35 -> 3.64 | J35: =G35*F35 -> 274.4 | K35: =H35*F35 -> 235.2 | L35: =J35+K35 -> 509.6 | M35: =ROUND(L35*(1+$M$4),2) -> 651.63
A36: 3.3 | B36: REGULARIZAÇÃO DA PAREDE - LABORATÓRIO | C36: 87531 | D36: EMBOÇO, PARA RECEBIMENTO DE CERÂMICA, EM ARGAMASSA TRAÇO 1:2:8, PREPARO MECÂNICO COM BETONEIRA 400L, APLICADO MANUALMENTE EM FACES INTERNAS DE PAREDES, PARA AMBIENTE COM ÁREA ENTRE 5M2 E 10M2, ESPESSURA DE 20MM, COM EXECUÇÃO DE TALISCAS. AF_06/2014 | E36: m² | F36: 140 | G36: 16.59 | H36: 12.51 | I36: =SUM(G36:H36) -> 29.1 | J36: =G36*F36 -> 2322.6 | K36: =H36*F36 -> 1751.4 | L36: =J36+K36 -> 4074 | M36: =ROUND(L36*(1+$M$4),2) -> 5209.42
A37: 3.4 | B37: FECHAMENTO DE PORTAS E JANELAS | C37: 103334 | D37: ALVENARIA DE VEDAÇÃO DE BLOCOS CERÂMICOS FURADOS NA HORIZONTAL DE 14X9X19 CM (ESPESSURA 14 CM, BLOCO DEITADO) E ARGAMASSA DE ASSENTAMENTO COM PREPARO EM BETONEIRA. AF_12/2021 | E37: m² | F37: 50 | G37: 74.85 | H37: 60.09 | I37: =SUM(G37:H37) -> 134.94 | J37: =G37*F37 -> 3742.5 | K37: =H37*F37 -> 3004.5 | L37: =J37+K37 -> 6747 | M37: =ROUND(L37*(1+$M$4),2) -> 8627.39
A38: 3.5 | B38: FECHAMENTO DE PORTAS E JANELAS | C38: 87879 | D38: CHAPISCO APLICADO EM ALVENARIAS E ESTRUTURAS DE CONCRETO INTERNAS, COM COLHER DE PEDREIRO. ARGAMASSA TRAÇO 1:3 COM PREPARO EM BETONEIRA 400L. AF_06/2014 | E38: m² | F38: =F37*2 -> 100 | G38: 1.88 | H38: 1.68 | I38: =SUM(G38:H38) -> 3.56 | J38: =G38*F38 -> 188 | K38: =H38*F38 -> 168 | L38: =J38+K38 -> 356 | M38: =ROUND(L38*(1+$M$4),2) -> 455.22
A39: 3.6 | B39: FECHAMENTO DE PORTAS E JANELAS | C39: 87529 | D39: MASSA ÚNICA, PARA RECEBIMENTO DE PINTURA, EM ARGAMASSA TRAÇO 1:2:8, PREPARO MECÂNICO COM BETONEIRA 400L, APLICADA MANUALMENTE EM FACES INTERNAS DE PAREDES, ESPESSURA DE 20MM, COM EXECUÇÃO DE TALISCAS. AF_06/2014 | E39: m² | F39: =F37*2 -> 100 | G39: 16.18 | H39: 13.42 | I39: =SUM(G39:H39) -> 29.6 | J39: =G39*F39 -> 1618 | K39: =H39*F39 -> 1342 | L39: =J39+K39 -> 2960 | M39: =ROUND(L39*(1+$M$4),2) -> 3784.95
A40: 3.7 | B40: FECHAMENTO DE PORTAS E JANELAS | C40: 88495 | D40: APLICAÇÃO E LIXAMENTO DE MASSA LÁTEX EM PAREDES, UMA DEMÃO. AF_06/2014 | E40: m² | F40: =F37*2 -> 100 | G40: 5.86 | H40: 5.53 | I40: =SUM(G40:H40) -> 11.39 | J40: =G40*F40 -> 586 | K40: =H40*F40 -> 553 | L40: =J40+K40 -> 1139 | M40: =ROUND(L40*(1+$M$4),2) -> 1456.44
A41: 3.8 | B41: REQUADRO DE PASSAGENS | C41: 87879 | D41: CHAPISCO APLICADO EM ALVENARIAS E ESTRUTURAS DE CONCRETO INTERNAS, COM COLHER DE PEDREIRO. ARGAMASSA TRAÇO 1:3 COM PREPARO EM BETONEIRA 400L. AF_06/2014 | E41: m² | F41: 10 | G41: 1.96 | H41: 1.68 | I41: =SUM(G41:H41) -> 3.64 | J41: =G41*F41 -> 19.6 | K41: =H41*F41 -> 16.8 | L41: =J41+K41 -> 36.4 | M41: =ROUND(L41*(1+$M$4),2) -> 46.54
A42: 3.9 | B42: REQUADRO DE PORTAS | C42: 87879 | D42: CHAPISCO APLICADO EM ALVENARIAS E ESTRUTURAS DE CONCRETO INTERNAS, COM COLHER DE PEDREIRO. ARGAMASSA TRAÇO 1:3 COM PREPARO EM BETONEIRA 400L. AF_06/2014 | E42: m² | F42: 12.5 | G42: 1.96 | H42: 1.68 | I42: =SUM(G42:H42) -> 3.64 | J42: =G42*F42 -> 24.5 | K42: =H42*F42 -> 21 | L42: =J42+K42 -> 45.5 | M42: =ROUND(L42*(1+$M$4),2) -> 58.18
A43: 3.10 | B43: REQUADRO DE PASSAGENS / PORTAS | C43: 87529 | D43: MASSA ÚNICA, PARA RECEBIMENTO DE PINTURA, EM ARGAMASSA TRAÇO 1:2:8, PREPARO MECÂNICO COM BETONEIRA 400L, APLICADA MANUALMENTE EM FACES INTERNAS DE PAREDES, ESPESSURA DE 20MM, COM EXECUÇÃO DE TALISCAS. AF_06/2014 | E43: m² | F43: =F41+F42 -> 22.5 | G43: 16.96 | H43: 13.42 | I43: =SUM(G43:H43) -> 30.38 | J43: =G43*F43 -> 381.6 | K43: =H43*F43 -> 301.95 | L43: =J43+K43 -> 683.55 | M43: =ROUND(L43*(1+$M$4),2) -> 874.06
A44: 3.11 | B44: REQUADRO DE PASSAGENS | C44: 88495 | D44: APLICAÇÃO E LIXAMENTO DE MASSA LÁTEX EM PAREDES, UMA DEMÃO. AF_06/2014 | E44: m² | F44: =F41 -> 10 | G44: 7.06 | H44: 5.52 | I44: =SUM(G44:H44) -> 12.58 | J44: =G44*F44 -> 70.6 | K44: =H44*F44 -> 55.2 | L44: =J44+K44 -> 125.8 | M44: =ROUND(L44*(1+$M$4),2) -> 160.86
A45: 3.12 | B45: VERGAS | C45: 93186 | D45: VERGA MOLDADA IN LOCO EM CONCRETO PARA JANELAS COM ATÉ 1,5 M DE VÃO. AF_03/2016 | E45: m | F45: 23.8 | G45: 80.38 | H45: 18.68 | I45: =G45+H45 -> 99.06 | J45: =G45*F45 -> 1913.044 | K45: =H45*F45 -> 444.584 | L45: =J45+K45 -> 2357.628 | M45: =ROUND(L45*(1+$M$4),2) -> 3014.7
A46: 3.13 | B46: ISOLAMENTO GERAL DE INSTALAÇÕES REMOVIDAS | C46: 87529 | D46: MASSA ÚNICA, PARA RECEBIMENTO DE PINTURA, EM ARGAMASSA TRAÇO 1:2:8, PREPARO MECÂNICO COM BETONEIRA 400L, APLICADA MANUALMENTE EM FACES INTERNAS DE PAREDES, ESPESSURA DE 20MM, COM EXECUÇÃO DE TALISCAS. AF_06/2014 | E46: m² | F46: 20 | G46: 16.96 | H46: 13.42 | I46: =G46+H46 -> 30.38 | J46: =G46*F46 -> 339.2 | K46: =H46*F46 -> 268.4 | L46: =J46+K46 -> 607.6 | M46: =ROUND(L46*(1+$M$4),2) -> 776.94
A47: 3.14 | B47: ISOLAMENTO GERAL DE INSTALAÇÕES REMOVIDAS | C47: 88495 | D47: APLICAÇÃO E LIXAMENTO DE MASSA LÁTEX EM PAREDES, UMA DEMÃO. AF_06/2014 | E47: m² | F47: 5 | G47: 7.06 | H47: 5.52 | I47: =G47+H47 -> 12.58 | J47: =G47*F47 -> 35.3 | K47: =H47*F47 -> 27.6 | L47: =J47+K47 -> 62.9 | M47: =ROUND(L47*(1+$M$4),2) -> 80.43
A49: 4 | B49: DIVISÓRIAS E FORRO | J49: =SUM(J50:J54) -> 43750.527 | K49: =SUM(K50:K54) -> 7816.047 | L49: =SUM(L50:L54) -> 51566.574 | M49: =SUM(M50:M54) -> 65938.17 | N49: =M49 -> 65938.17
A50: 4.1 | B50: PAREDES DRYWALL | C50: 96359 | D50: PAREDE COM PLACAS DE GESSO ACARTONADO (DRYWALL), PARA USO INTERNO, COM DUAS FACES SIMPLES E ESTRUTURA METÁLICA COM GUIAS SIMPLES, COM VÃOS AF_06/2017_P | E50: m² | F50: 224.5 | G50: 89.88 | H50: 13.09 | I50: =G50+H50 -> 102.97 | J50: =G50*F50 -> 20178.06 | K50: =H50*F50 -> 2938.705 | L50: =J50+K50 -> 23116.765 | M50: =ROUND(L50*(1+$M$4),2) -> 29559.41
A51: 4.2 | B51: ISOLAMENTO - DRYWALL | C51: 07704/ ORSE | D51: MANTA EM LÃ DE ROCHA DE 25MM - FORNECIMENTO E APLICAÇÃO | E51: m² | F51: 224.5 | G51: 30.73 | H51: 0 | I51: 30.73 | J51: =G51*F51 -> 6898.885 | K51: =H51*F51 -> 0 | L51: =J51+K51 -> 6898.885 | M51: =ROUND(L51*(1+$M$4),2) -> 8821.6
A52: 4.3 | B52: ACABAMENTO DRYWALL | C52: 88495 | D52: APLICAÇÃO E LIXAMENTO DE MASSA LÁTEX EM PAREDES, UMA DEMÃO. AF_06/2014 | E52: m² | F52: =F50*2 -> 449 | G52: 7.06 | H52: 5.52 | I52: =G52+H52 -> 12.58 | J52: =G52*F52 -> 3169.94 | K52: =H52*F52 -> 2478.48 | L52: =J52+K52 -> 5648.42 | M52: =ROUND(L52*(1+$M$4),2) -> 7222.63
A53: 4.4 | B53: DIVISÓRIA EM GRANILITE - SANITÁRIOS | C53: 102257 | D53: DIVISORIA SANITÁRIA, TIPO CABINE, EM PAINEL DE GRANILITE, ESP = 3CM, ASSENTADO COM ARGAMASSA COLANTE AC III-E | E53: m² | F53: 18.7 | G53: 201.34 | H53: 59.06 | I53: =G53+H53 -> 260.4 | J53: =G53*F53 -> 3765.058 | K53: =H53*F53 -> 1104.422 | L53: =J53+K53 -> 4869.48 | M53: =ROUND(L53*(1+$M$4),2) -> 6226.6
A54: 4.5 | B54: DIVISÓRIA EM VIDRO - REUNIÕES | C54: 102235 | D54: DIVISÓRIA FIXA EM VIDRO TEMPERADO 10 MM, SEM ABERTURA. AF_01/2021 | E54: m² | F54: 26.8 | G54: 363.38 | H54: 48.3 | I54: =G54+H54 -> 411.68 | J54: =G54*F54 -> 9738.584 | K54: =H54*F54 -> 1294.44 | L54: =J54+K54 -> 11033.024 | M54: =ROUND(L54*(1+$M$4),2) -> 14107.93
A56: 5 | B56: PISOS E REVESTIMENTOS | J56: =SUM(J57:J66) -> 41480.615 | K56: =SUM(K57:K66) -> 14450.634 | L56: =SUM(L57:L66) -> 55931.249 | M56: =SUM(M57:M66) -> 71519.28 | N56: =M56 -> 71519.28
A57: 5.1 | B57: REMOÇÕES, LIMPEZA E NIVELAMENTO | C57: 98525 | D57: LIMPEZA MECANIZADA DE CAMADA VEGETAL, VEGETAÇÃO E PEQUENAS ÁRVORES (DIÂMETRO DE TRONCO MENOR QUE 0,20 M), COM TRATOR DE ESTEIRAS.AF_05/2018 | E57: M² | F57: 240 | G57: 0.21 | H57: 0.15 | I57: =G57+H57 -> 0.36 | J57: =G57*F57 -> 50.4 | K57: =H57*F57 -> 36 | L57: =J57+K57 -> 86.4 | M57: =ROUND(L57*(1+$M$4),2) -> 110.48
A58: 5.2 | B58: ATERRO E COMPACTAÇÃO | C58: 94319 | D58: ATERRO MANUAL DE VALAS COM SOLO ARGILO-ARENOSO E COMPACTAÇÃO MECANIZADA. AF_05/2016 | E58: M³ | F58: =240*0.2 -> 48 | G58: 46.33 | H58: 18.85 | I58: =G58+H58 -> 65.18 | J58: =G58*F58 -> 2223.84 | K58: =H58*F58 -> 904.8 | L58: =J58+K58 -> 3128.64 | M58: =ROUND(L58*(1+$M$4),2) -> 4000.59
A59: 5.3 | B59: CONTRAPISO ARMADO | C59: 94992 | D59: PISO DE CONCRETO COM CONCRETO MOLDADO IN LOCO, FEITO EM OBRA, ACABAMENTO CONVENCIONAL, ESPESSURA 6 CM, ARMADO. AF_07/2016 | E59: M² | F59: 135 | G59: 77.36 | H59: 15.44 | I59: =G59+H59 -> 92.8 | J59: =G59*F59 -> 10443.6 | K59: =H59*F59 -> 2084.4 | L59: =J59+K59 -> 12528 | M59: =ROUND(L59*(1+$M$4),2) -> 16019.55
A60: 5.4 | B60: CALÇADAS E=5CM, RAMPA ACESSO | C60: 94990 | D60: EXECUÇÃO DE PASSEIO (CALÇADA) OU PISO DE CONCRETO COM CONCRETO MOLDADO IN LOCO, FEITO EM OBRA, ACABAMENTO CONVENCIONAL, NÃO ARMADO. AF_07/2016 | E60: M³ | F60: 7.2 | G60: 467.09 | H60: 202.83 | I60: =G60+H60 -> 669.92 | J60: =G60*F60 -> 3363.048 | K60: =H60*F60 -> 1460.376 | L60: =J60+K60 -> 4823.424 | M60: =ROUND(L60*(1+$M$4),2) -> 6167.71
A61: 5.5 | B61: GUARDA-CORPO RAMPA DE ACESSO | C61: SEINFRA C1448 | D61: GUARDA CORPO DE TUBO DE AÇO INOX | E61: M | F61: 6 | G61: 96.02 | H61: 31.41 | I61: =G61+H61 -> 127.43 | J61: =G61*F61 -> 576.12 | K61: =H61*F61 -> 188.46 | L61: =J61+K61 -> 764.58 | M61: =ROUND(L61*(1+$M$4),2) -> 977.67
A62: 5.6 | B62: CORRIMÃO - RAMPA DE ACESSO | C62: SEINFRA C0924 | D62: CORRIMÃO EM TUBO DE AÇO INOX | E62: M | F62: 12 | G62: 214.07 | H62: 19.98 | I62: =G62+H62 -> 234.05 | J62: =G62*F62 -> 2568.84 | K62: =H62*F62 -> 239.76 | L62: =J62+K62 -> 2808.6 | M62: =ROUND(L62*(1+$M$4),2) -> 3591.36
A63: 5.7 | B63: PISO EM GRANILITE | C63: COMP. 05 | D63: PISO EM GRANILITE | E63: M² | F63: 500 | G63: 27.458494 | H63: 14.991576 | I63: =G63+H63 -> 42.45007 | J63: =G63*F63 -> 13729.247 | K63: =H63*F63 -> 7495.788 | L63: =J63+K63 -> 21225.035 | M63: =ROUND(L63*(1+$M$4),2) -> 27140.45
A64: 5.8 | B64: PISO CERÂMICO 60X60CM | C64: 87257 | D64: REVESTIMENTO CERÂMICO PARA PISO COM PLACAS TIPO ESMALTADA EXTRA DE DIMENSÕES 60X60 CM APLICADA EM AMBIENTES DE ÁREA MAIOR QUE 10 M2. AF_06/2014 | E64: m² | F64: 88 | G64: 66.88 | H64: 8.02 | I64: =G64+H64 -> 74.9 | J64: =G64*F64 -> 5885.44 | K64: =H64*F64 -> 705.76 | L64: =J64+K64 -> 6591.2 | M64: =ROUND(L64*(1+$M$4),2) -> 8428.17
A65: 5.9 | B65: REVESTIMENTO CERÂMICO - PAREDE DO SANITÁRIO | C65: 87268 | D65: REVESTIMENTO CERÂMICO PARA PAREDES INTERNAS COM PLACAS TIPO ESMALTADA EXTRA DE DIMENSÕES 25X35 CM APLICADAS EM AMBIENTES DE ÁREA MENOR QUE 5 M² NA ALTURA INTEIRA DAS PAREDES. AF_06/2014 | E65: m² | F65: 46 | G65: 43.28 | H65: 21.89 | I65: =G65+H65 -> 65.17 | J65: =G65*F65 -> 1990.88 | K65: =H65*F65 -> 1006.94 | L65: =J65+K65 -> 2997.82 | M65: =ROUND(L65*(1+$M$4),2) -> 3833.31
A66: 5.10 | B66: REVESTIMENTO CERÂMICO - RODABANCA DO LABORATÓRIO / COPA | C66: 87268 | D66: REVESTIMENTO CERÂMICO PARA PAREDES INTERNAS COM PLACAS TIPO ESMALTADA EXTRA DE DIMENSÕES 25X35 CM APLICADAS EM AMBIENTES DE ÁREA MENOR QUE 5 M² NA ALTURA INTEIRA DAS PAREDES. AF_06/2014 | E66: m² | F66: 15 | G66: 43.28 | H66: 21.89 | I66: =G66+H66 -> 65.17 | J66: =G66*F66 -> 649.2 | K66: =H66*F66 -> 328.35 | L66: =J66+K66 -> 977.55 | M66: =ROUND(L66*(1+$M$4),2) -> 1249.99
A68: 6 | B68: ESQUADRIAS | J68: =SUM(J69:J82) -> 144065.84 | K68: =SUM(K69:K82) -> 6168.7805 | L68: =SUM(L69:L82) -> 150234.62 | M68: =SUM(M69:M82) -> 192105.01 | N68: =M68 -> 192105.01
A69: 6.1 | B69: JANELA 2,0X1,5m | C69: 94573 | D69: JANELA DE ALUMÍNIO DE CORRER COM 4 FOLHAS PARA VIDROS, COM VIDROS, BATENTE, ACABAMENTO COM ACETATO OU BRILHANTE E FERRAGENS. EXCLUSIVE ALIZAR E CONTRAMARCO. FORNECIMENTO E INSTALAÇÃO. AF_12/2019 | E69: m² | F69: 54 | G69: 407.16 | H69: 24.36 | I69: =G69+H69 -> 431.52 | J69: =G69*F69 -> 21986.64 | K69: =H69*F69 -> 1315.44 | L69: =J69+K69 -> 23302.08 | M69: =ROUND(L69*(1+$M$4),2) -> 29796.37
A70: 6.2 | B70: JANELA 2,0X0,6m | C70: 94570 | D70: JANELA DE ALUMÍNIO DE CORRER COM 2 FOLHAS PARA VIDROS, COM VIDROS, BATENTE, ACABAMENTO COM ACETATO OU BRILHANTE E FERRAGENS. EXCLUSIVE ALIZAR E CONTRAMARCO. FORNECIMENTO E INSTALAÇÃO. AF_12/2019 | E70: m² | F70: 3.6 | G70: 359.95 | H70: 13.16 | I70: =G70+H70 -> 373.11 | J70: =G70*F70 -> 1295.82 | K70: =H70*F70 -> 47.376 | L70: =J70+K70 -> 1343.196 | M70: =ROUND(L70*(1+$M$4),2) -> 1717.54
A71: 6.3 | B71: JANELA 0,7X0,98m | C71: 94569 | D71: JANELA DE ALUMÍNIO TIPO MAXIM-AR, COM VIDROS, BATENTE E FERRAGENS. EXCLUSIVE ALIZAR, ACABAMENTO E CONTRAMARCO. FORNECIMENTO E INSTALAÇÃO. AF_12/2019 | E71: m² | F71: 22 | G71: 673.58 | H71: 43.33 | I71: =G71+H71 -> 716.91 | J71: =G71*F71 -> 14818.76 | K71: =H71*F71 -> 953.26 | L71: =J71+K71 -> 15772.02 | M71: =ROUND(L71*(1+$M$4),2) -> 20167.68
A72: 6.4 | B72: JANELA 2,0X1,15m | C72: 94569 | D72: JANELA DE ALUMÍNIO TIPO MAXIM-AR, COM VIDROS, BATENTE E FERRAGENS. EXCLUSIVE ALIZAR, ACABAMENTO E CONTRAMARCO. FORNECIMENTO E INSTALAÇÃO. AF_12/2019 | E72: m² | F72: 4.6 | G72: 673.58 | H72: 43.33 | I72: =G72+H72 -> 716.91 | J72: =G72*F72 -> 3098.468 | K72: =H72*F72 -> 199.318 | L72: =J72+K72 -> 3297.786 | M72: =ROUND(L72*(1+$M$4),2) -> 4216.88
A73: 6.5 | B73: JANELA 0,5X0,7m | C73: 94569 | D73: JANELA DE ALUMÍNIO TIPO MAXIM-AR, COM VIDROS, BATENTE E FERRAGENS. EXCLUSIVE ALIZAR, ACABAMENTO E CONTRAMARCO. FORNECIMENTO E INSTALAÇÃO. AF_12/2019 | E73: m² | F73: 0.35 | G73: 673.58 | H73: 43.33 | I73: =G73+H73 -> 716.91 | J73: =G73*F73 -> 235.753 | K73: =H73*F73 -> 15.1655 | L73: =J73+K73 -> 250.9185 | M73: =ROUND(L73*(1+$M$4),2) -> 320.85
A74: 6.6 | B74: JANELAS FIXAS - PRÉDIO COWORKING | C74: 100674 | D74: JANELA FIXA DE ALUMÍNIO PARA VIDRO, COM VIDRO, BATENTE E FERRAGENS. EXCLUSIVE ACABAMENTO, ALIZAR E CONTRAMARCO. FORNECIMENTO E INSTALAÇÃO. AF_12/2019 | E74: m² | F74: 96 | G74: 748.57 | H74: 18.27 | I74: =G74+H74 -> 766.84 | J74: =G74*F74 -> 71862.72 | K74: =H74*F74 -> 1753.92 | L74: =J74+K74 -> 73616.64 | M74: =ROUND(L74*(1+$M$4),2) -> 94133.6
A75: 6.7 | B75: JANELAS FIXAS - INCUBADORAS | C75: 100674 | D75: JANELA FIXA DE ALUMÍNIO PARA VIDRO, COM VIDRO, BATENTE E FERRAGENS. EXCLUSIVE ACABAMENTO, ALIZAR E CONTRAMARCO. FORNECIMENTO E INSTALAÇÃO. AF_12/2019 | E75: m² | F75: 6.6 | G75: 748.57 | H75: 18.27 | I75: =G75+H75 -> 766.84 | J75: =G75*F75 -> 4940.562 | K75: =H75*F75 -> 120.582 | L75: =J75+K75 -> 5061.144 | M75: =ROUND(L75*(1+$M$4),2) -> 6471.68
A76: 6.8 | B76: RECOLOCAÇÃO DE PORTAS | C76: 100699 | D76: RECOLOCAÇÃO DE FOLHAS DE PORTA DE MADEIRA PESADA OU SUPERPESADA DE 80CM DE LARGURA, CONSIDERANDO REAPROVEITAMENTO DO MATERIAL. AF_12/2019 | E76: un | F76: 2 | G76: 26.39 | H76: 57.62 | I76: =G76+H76 -> 84.01 | J76: =G76*F76 -> 52.78 | K76: =H76*F76 -> 115.24 | L76: =J76+K76 -> 168.02 | M76: =ROUND(L76*(1+$M$4),2) -> 214.85
A77: 6.9 | B77: PORTAS DE ALUMINIO - SANITÁRIOS | C77: 91338 | D77: PORTA DE ALUMÍNIO DE ABRIR COM LAMBRI, COM GUARNIÇÃO, FIXAÇÃO COM PARAFUSOS - FORNECIMENTO E INSTALAÇÃO. AF_12/2019 | E77: m² | F77: 5.35 | G77: 901.19 | H77: 9.02 | I77: =G77+H77 -> 910.21 | J77: =G77*F77 -> 4821.3665 | K77: =H77*F77 -> 48.257 | L77: =J77+K77 -> 4869.6235 | M77: =ROUND(L77*(1+$M$4),2) -> 6226.79
A78: 6.10 | B78: PORTAS DE MADEIRA 90 CM | C78: 90797 | D78: KIT DE PORTA-PRONTA DE MADEIRA EM ACABAMENTO MELAMÍNICO BRANCO, FOLHA LEVE OU MÉDIA, E BATENTE METÁLICO, 90X210CM, FIXAÇÃO COM ARGAMASSA - FORNECIMENTO E INSTALAÇÃO. AF_12/2019 | E78: un | F78: 7 | G78: 574.38 | H78: 61.25 | I78: =G78+H78 -> 635.63 | J78: =G78*F78 -> 4020.66 | K78: =H78*F78 -> 428.75 | L78: =J78+K78 -> 4449.41 | M78: =ROUND(L78*(1+$M$4),2) -> 5689.46
A79: 6.11 | B79: PORTAS BLINDEX 90 CM | C79: 102184 | D79: (ADAPTADO PARA EXCLUSIVE MOLA HIDRÁULICA) PORTA DE ABRIR COM MOLA HIDRÁULICA, EM VIDRO TEMPERADO, 90X210 CM, ESPESSURA 10 MM, INCLUSIVE ACESSÓRIOS. AF_01/2021 | E79: un | F79: 9 | G79: 857.22 | H79: 103.59 | I79: =G79+H79 -> 960.81 | J79: =G79*F79 -> 7714.98 | K79: =H79*F79 -> 932.31 | L79: =J79+K79 -> 8647.29 | M79: =ROUND(L79*(1+$M$4),2) -> 11057.29
A80: 6.12 | B80: PORTA DE VIDRO | C80: 100702 ADAPTADO | D80: (ADAPTADO PARA UMA FOLHA) PORTA DE CORRER DE ALUMÍNIO, COM DUAS FOLHAS PARA VIDRO, INCLUSO VIDRO LISO INCOLOR, FECHADURA E PUXADOR, SEM ALIZAR. AF_12/2019( | E80: m² | F80: 2.1 | G80: 498.83 | H80: 7.14 | I80: =G80+H80 -> 505.97 | J80: =G80*F80 -> 1047.543 | K80: =H80*F80 -> 14.994 | L80: =J80+K80 -> 1062.537 | M80: =ROUND(L80*(1+$M$4),2) -> 1358.67
... A82: 6.14 | B82: FECHADURAS | C82: 91306 | D82: FECHADURA DE EMBUTIR PARA PORTAS INTERNAS, COMPLETA, ACABAMENTO PADRÃO MÉDIO, COM EXECUÇÃO DE FURO - FORNECIMENTO E INSTALAÇÃO. AF_12/2019 | E82: un | F82: 7 | G82: 119.57 | H82: 17.03 | I82: =G82+H82 -> 136.6 | J82: =G82*F82 -> 836.99 | K82: =H82*F82 -> 119.21 | L82: =J82+K82 -> 956.2 | M82: =ROUND(L82*(1+$M$4),2) -> 1222.69
A84: 7 | B84: PINTURAS | J84: =SUM(J85:J89) -> 16268.8 | K84: =SUM(K85:K89) -> 8450.48 | L84: =SUM(L85:L89) -> 24719.28 | M84: =SUM(M85:M89) -> 31608.55 | N84: =M84 -> 31608.55
A85: 7.1 | B85: FUNDO PARA PINTURA | C85: 88411 | D85: APLICAÇÃO MANUAL DE FUNDO SELADOR ACRÍLICO EM PANOS COM PRESENÇA DE VÃOS DE EDIFÍCIOS DE MÚLTIPLOS PAVIMENTOS. AF_06/2014 | E85: m² | F85: =SUM(F86:F87) -> 1038 | G85: 1.83 | H85: 1.04 | I85: =G85+H85 -> 2.87 | J85: =G85*F85 -> 1899.54 | K85: =H85*F85 -> 1079.52 | L85: =J85+K85 -> 2979.06 | M85: =ROUND(L85*(1+$M$4),2) -> 3809.32
A86: 7.2 | B86: PINTURA - INTERNA | C86: 88489 | D86: APLICAÇÃO MANUAL DE PINTURA COM TINTA LÁTEX ACRÍLICA EM PAREDES, DUAS DEMÃOS. AF_06/2014 | E86: m² | F86: 728 | G86: 9.27 | H86: 4.4 | I86: =G86+H86 -> 13.67 | J86: =G86*F86 -> 6748.56 | K86: =H86*F86 -> 3203.2 | L86: =J86+K86 -> 9951.76 | M86: =ROUND(L86*(1+$M$4),2) -> 12725.32
A87: 7.3 | B87: PINTURA - EXTERNA | C87: 88489 | D87: APLICAÇÃO MANUAL DE PINTURA COM TINTA LÁTEX ACRÍLICA EM PAREDES, DUAS DEMÃOS. AF_06/2014 | E87: m² | F87: 310 | G87: 9.27 | H87: 4.4 | I87: =G87+H87 -> 13.67 | J87: =G87*F87 -> 2873.7 | K87: =H87*F87 -> 1364 | L87: =J87+K87 -> 4237.7 | M87: =ROUND(L87*(1+$M$4),2) -> 5418.75
A88: 7.4 | B88: PINTURA TETO | C88: 88484 | D88: APLICAÇÃO DE FUNDO SELADOR ACRÍLICO EM TETO, UMA DEMÃO. AF_06/2014 | E88: m² | F88: 404 | G88: 1.91 | H88: 1.2 | I88: =G88+H88 -> 3.11 | J88: =G88*F88 -> 771.64 | K88: =H88*F88 -> 484.8 | L88: =J88+K88 -> 1256.44 | M88: =ROUND(L88*(1+$M$4),2) -> 1606.61
A89: 7.5 | B89: PINTURA TETO | C89: 88488 | D89: APLICAÇÃO MANUAL DE PINTURA COM TINTA LÁTEX ACRÍLICA EM TETO, DUAS DEMÃOS. AF_06/2014 | E89: m² | F89: 404 | G89: 9.84 | H89: 5.74 | I89: =G89+H89 -> 15.58 | J89: =G89*F89 -> 3975.36 | K89: =H89*F89 -> 2318.96 | L89: =J89+K89 -> 6294.32 | M89: =ROUND(L89*(1+$M$4),2) -> 8048.55
A91: 8 | B91: BANCADAS | J91: =SUM(J92:J100) -> 24383.521 | K91: =SUM(K92:K100) -> 2846.782 | L91: =SUM(L92:L100) -> 27230.303 | M91: =SUM(M92:M100) -> 34819.39 | N91: =M91 -> 34819.39
A92: 8.1 | B92: ALVENARIA - BASE DAS BANCADAS NO LABORATÓRIO | C92: 101159 | D92: ALVENARIA DE VEDAÇÃO DE BLOCOS CERÂMICOS MACIÇOS DE 5X10X20CM (ESPESSURA 10CM) E ARGAMASSA DE ASSENTAMENTO COM PREPARO EM BETONEIRA. | E92: m² | F92: 9 | G92: 78.62 | H92: 51 | I92: =SUM(G92:H92) -> 129.62 | J92: =G92*F92 -> 707.58 | K92: =H92*F92 -> 459 | L92: =J92+K92 -> 1166.58 | M92: =ROUND(L92*(1+$M$4),2) -> 1491.71
A93: 8.2 | B93: ALVENARIA - BASE DAS BANCADAS DA COPA | C93: 101159 | D93: ALVENARIA DE VEDAÇÃO DE BLOCOS CERÂMICOS MACIÇOS DE 5X10X20CM (ESPESSURA 10CM) E ARGAMASSA DE ASSENTAMENTO COM PREPARO EM BETONEIRA. | E93: m² | F93: 3 | G93: 78.62 | H93: 51 | I93: =SUM(G93:H93) -> 129.62 | J93: =G93*F93 -> 235.86 | K93: =H93*F93 -> 153 | L93: =J93+K93 -> 388.86 | M93: =ROUND(L93*(1+$M$4),2) -> 497.24
A94: 8.3 | B94: CHAPISCO DAS BASES DAS BANCADA - TODOS OS PILARES | C94: 87879 | D94: CHAPISCO APLICADO EM ALVENARIAS E ESTRUTURAS DE CONCRETO INTERNAS, COM COLHER DE PEDREIRO. ARGAMASSA TRAÇO 1:3 COM PREPARO EM BETONEIRA 400L. | E94: m² | F94: 26.5 | G94: 1.96 | H94: 1.68 | I94: =SUM(G94:H94) -> 3.64 | J94: =G94*F94 -> 51.94 | K94: =H94*F94 -> 44.52 | L94: =J94+K94 -> 96.46 | M94: =ROUND(L94*(1+$M$4),2) -> 123.34
A95: 8.4 | B95: MASSA ÚNICA APLICADA NAS BASES DAS BANCADA - TODOS OS PILARES (56 PILARES) | C95: 87794 | D95: EMBOÇO OU MASSA ÚNICA EM ARGAMASSA TRAÇO 1:2:8, PREPARO MANUAL, APLICADA MANUALMENTE EM PANOS CEGOS DE FACHADA (SEM PRESENÇA DE VÃOS), ESPESSURA DE 25 MM. | E95: m² | F95: 26.5 | G95: 20.63 | H95: 17.14 | I95: =SUM(G95:H95) -> 37.77 | J95: =G95*F95 -> 546.695 | K95: =H95*F95 -> 454.21 | L95: =J95+K95 -> 1000.905 | M95: =ROUND(L95*(1+$M$4),2) -> 1279.86
A96: 8.5 | B96: FUNDO PARA PINTURA - ÁREA TOTAL DAS BASES DAS BANCADAS | C96: 88412 | D96: APLICAÇÃO MANUAL DE FUNDO SELADOR ACRÍLICO EM PANOS CEGOS DE FACHADA (SEM PRESENÇA DE VÃOS) DE EDIFÍCIOS DE MÚLTIPLOS PAVIMENTOS. AF_06/2014 | E96: m² | F96: 26.5 | G96: 1.63 | H96: 0.54 | I96: =G96+H96 -> 2.17 | J96: =G96*F96 -> 43.195 | K96: =H96*F96 -> 14.31 | L96: =J96+K96 -> 57.505 | M96: =ROUND(L96*(1+$M$4),2) -> 73.53
A97: 8.6 | B97: PINTURA - ÁREA TOTAL DAS BASES DAS BANCADAS | C97: 88489 | D97: APLICAÇÃO MANUAL DE PINTURA COM TINTA LÁTEX ACRÍLICA EM PAREDES, DUAS DEMÃOS. AF_06/2014 | E97: m² | F97: 20.8 | G97: 9.27 | H97: 4.4 | I97: =G97+H97 -> 13.67 | J97: =G97*F97 -> 192.816 | K97: =H97*F97 -> 91.52 | L97: =J97+K97 -> 284.336 | M97: =ROUND(L97*(1+$M$4),2) -> 363.58
A98: 8.7 | B98: RODAPÉS DAS BASES DAS BANCADAS h=15CM | C98: 87257 | D98: REVESTIMENTO CERÂMICO PARA PISO COM PLACAS TIPO ESMALTADA EXTRA DE DIMENSÕES 60X60 CM APLICADA EM AMBIENTES DE ÁREA MAIOR QUE 10 M2. AF_06/2014 | E98: m² | F98: 5.2 | G98: 66.88 | H98: 8.02 | I98: =G98+H98 -> 74.9 | J98: =G98*F98 -> 347.776 | K98: =H98*F98 -> 41.704 | L98: =J98+K98 -> 389.48 | M98: =ROUND(L98*(1+$M$4),2) -> 498.03
A99: 8.8 | B99: LAJE – TAMPO DA BANCADA | C99: 101964 | D99: LAJE PRÉ-MOLDADA UNIDIRECIONAL, BIAPOIADA, PARA FORRO, ENCHIMENTO EM CERÂMICA, VIGOTA CONVENCIONAL, ALTURA TOTAL DA LAJE (ENCHIMENTO+CAPA) = (8+3). AF_11/2020 | E99: m² | F99: 25 | G99: 141.41 | H99: 23.43 | I99: =SUM(G99:H99) -> 164.84 | J99: =G99*F99 -> 3535.25 | K99: =H99*F99 -> 585.75 | L99: =J99+K99 -> 4121 | M99: =ROUND(L99*(1+$M$4),2) -> 5269.52
A100: 8.9 | B100: REVESTIMENTO EM GRANITO PARA BANCADAS | C100: COMP. 04 | D100: GRANITO PARA BANCADA, POLIDO, TIPO ANDORINHA/ QUARTZ/ CASTELO/ CORUMBA OU OUTROS EQUIVALENTES DA REGIAO, E= *2,5* CM | E100: m² | F100: 31.2 | G100: 600.0772 | H100: 32.14 | I100: =G100+H100 -> 632.2172 | J100: =G100*F100 -> 18722.409 | K100: =H100*F100 -> 1002.768 | L100: =J100+K100 -> 19725.177 | M100: =ROUND(L100*(1+$M$4),2) -> 25222.58
A102: 9 | B102: INST. ELÉTRICA | J102: =SUM(J103:J154) -> 95871.81 | K102: =SUM(K103:K154) -> 20201.61 | L102: =SUM(L103:L154) -> 116073.42 | M102: =SUM(M103:M154) -> 148423.07 | N102: =M102 -> 148423.07
A103: 9.1 | B103: CABOS | C103: 91924 | D103: CABO DE COBRE FLEXÍVEL ISOLADO, 1,5 MM², ANTI-CHAMA 450/750 V, PARA CIRCUITOS TERMINAIS - FORNECIMENTO E INSTALAÇÃO. AF_12/2015 | E103: M | F103: 900 | G103: 2.01 | H103: 0.78 | I103: =G103+H103 -> 2.79 | J103: =G103*F103 -> 1809 | K103: =H103*F103 -> 702 | L103: =J103+K103 -> 2511 | M103: =ROUND(L103*(1+$M$4),2) -> 3210.82
A104: 9.2 | B104: CABOS | C104: 91926 | D104: CABO DE COBRE FLEXÍVEL ISOLADO, 2,5 MM², ANTI-CHAMA 450/750 V, PARA CIRCUITOS TERMINAIS - FORNECIMENTO E INSTALAÇÃO. AF_12/2015 | E104: M | F104: 1950 | G104: 3.08 | H104: 0.96 | I104: =G104+H104 -> 4.04 | J104: =G104*F104 -> 6006 | K104: =H104*F104 -> 1872 | L104: =J104+K104 -> 7878 | M104: =ROUND(L104*(1+$M$4),2) -> 10073.6
A105: 9.3 | B105: CABOS | C105: 91928 | D105: CABO DE COBRE FLEXÍVEL ISOLADO, 4 MM², ANTI-CHAMA 450/750 V, PARA CIRCUITOS TERMINAIS - FORNECIMENTO E INSTALAÇÃO. AF_12/2015 | E105: M | F105: 720 | G105: 5.3 | H105: 1.27 | I105: =G105+H105 -> 6.57 | J105: =G105*F105 -> 3816 | K105: =H105*F105 -> 914.4 | L105: =J105+K105 -> 4730.4 | M105: =ROUND(L105*(1+$M$4),2) -> 6048.76
A106: 9.4 | B106: CABOS | C106: 91930 | D106: CABO DE COBRE FLEXÍVEL ISOLADO, 6 MM², ANTI-CHAMA 450/750 V, PARA CIRCUITOS TERMINAIS - FORNECIMENTO E INSTALAÇÃO. AF_12/2015 | E106: M | F106: 280 | G106: 7.32 | H106: 1.66 | I106: =G106+H106 -> 8.98 | J106: =G106*F106 -> 2049.6 | K106: =H106*F106 -> 464.8 | L106: =J106+K106 -> 2514.4 | M106: =ROUND(L106*(1+$M$4),2) -> 3215.16
A107: 9.5 | B107: CABOS | C107: 91932 | D107: CABO DE COBRE FLEXÍVEL ISOLADO, 10 MM², ANTI-CHAMA 450/750 V, PARA CIRCUITOS TERMINAIS - FORNECIMENTO E INSTALAÇÃO. AF_12/2015 | E107: M | F107: 270 | G107: 12.31 | H107: 2.48 | I107: =G107+H107 -> 14.79 | J107: =G107*F107 -> 3323.7 | K107: =H107*F107 -> 669.6 | L107: =J107+K107 -> 3993.3 | M107: =ROUND(L107*(1+$M$4),2) -> 5106.23
A108: 9.6 | B108: CABOS | C108: 91934 | D108: CABO DE COBRE FLEXÍVEL ISOLADO, 16 MM², ANTI-CHAMA 450/750 V, PARA CIRCUITOS TERMINAIS - FORNECIMENTO E INSTALAÇÃO. AF_12/2015 | E108: M | F108: 100 | G108: 18.89 | H108: 3.72 | I108: =G108+H108 -> 22.61 | J108: =G108*F108 -> 1889 | K108: =H108*F108 -> 372 | L108: =J108+K108 -> 2261 | M108: =ROUND(L108*(1+$M$4),2) -> 2891.14
A109: 9.7 | B109: CABOS | C109: 92984 | D109: CABO DE COBRE FLEXÍVEL ISOLADO, 25 MM², ANTI-CHAMA 0,6/1,0 KV, PARA REDE ENTERRADA DE DISTRIBUIÇÃO DE ENERGIA ELÉTRICA - FORNECIMENTO E INSTALAÇÃO. AF_12/2021 | E109: M | F109: 120 | G109: 25.27 | H109: 1.95 | I109: =G109+H109 -> 27.22 | J109: =G109*F109 -> 3032.4 | K109: =H109*F109 -> 234 | L109: =J109+K109 -> 3266.4 | M109: =ROUND(L109*(1+$M$4),2) -> 4176.75
A110: 9.8 | B110: CABOS | C110: 92986 | D110: CABO DE COBRE FLEXÍVEL ISOLADO, 35 MM², ANTI-CHAMA 0,6/1,0 KV, PARA REDE ENTERRADA DE DISTRIBUIÇÃO DE ENERGIA ELÉTRICA - FORNECIMENTO E INSTALAÇÃO. AF_12/2021 | E110: M | F110: 250 | G110: 34.62 | H110: 2.23 | I110: =G110+H110 -> 36.85 | J110: =G110*F110 -> 8655 | K110: =H110*F110 -> 557.5 | L110: =J110+K110 -> 9212.5 | M110: =ROUND(L110*(1+$M$4),2) -> 11780.02
A111: 9.9 | B111: CABOS | C111: 92988 | D111: CABO DE COBRE FLEXÍVEL ISOLADO, 50 MM², ANTI-CHAMA 0,6/1,0 KV, PARA REDE ENTERRADA DE DISTRIBUIÇÃO DE ENERGIA ELÉTRICA - FORNECIMENTO E INSTALAÇÃO. AF_12/2021 | E111: M | F111: 10 | G111: 49.11 | H111: 2.67 | I111: =G111+H111 -> 51.78 | J111: =G111*F111 -> 491.1 | K111: =H111*F111 -> 26.7 | L111: =J111+K111 -> 517.8 | M111: =ROUND(L111*(1+$M$4),2) -> 662.11
A112: 9.10 | B112: CABOS | C112: 92990 | D112: CABO DE COBRE FLEXÍVEL ISOLADO, 70 MM², ANTI-CHAMA 0,6/1,0 KV, PARA REDE ENTERRADA DE DISTRIBUIÇÃO DE ENERGIA ELÉTRICA - FORNECIMENTO E INSTALAÇÃO. AF_12/2021 | E112: M | F112: 125 | G112: 67.83 | H112: 3.23 | I112: =G112+H112 -> 71.06 | J112: =G112*F112 -> 8478.75 | K112: =H112*F112 -> 403.75 | L112: =J112+K112 -> 8882.5 | M112: =ROUND(L112*(1+$M$4),2) -> 11358.05
A113: 9.11 | B113: CABOS | C113: 92992 | D113: CABO DE COBRE FLEXÍVEL ISOLADO, 95 MM², ANTI-CHAMA 0,6/1,0 KV, PARA REDE ENTERRADA DE DISTRIBUIÇÃO DE ENERGIA ELÉTRICA - FORNECIMENTO E INSTALAÇÃO. AF_12/2021 | E113: M | F113: 40 | G113: 89.93 | H113: 3.95 | I113: =G113+H113 -> 93.88 | J113: =G113*F113 -> 3597.2 | K113: =H113*F113 -> 158 | L113: =J113+K113 -> 3755.2 | M113: =ROUND(L113*(1+$M$4),2) -> 4801.77
...

Sheet COMPOSIÇÕES
B2: (INSERIR LOGOTIPO DA EMPRESA) | D2: INSERIR NOME DA EMPRESA
D3: (INSERIR CNPJ DA EMPRESA)
D4: OBRA : ADEQUAÇÃO PARA ESPAÇO DE INOVAÇÃO NO CLM
D5: Local: Campus Luiz Meneghel, Bandeirantes, PR
D7: (INSERIR NOME DO RESPONSÁVEL TÉCNICO PELA PROPOSTA)
A10: COMPOSIÇÕES UENP
A12: COMP.01 | B12: FIXAÇÃO APOIO DE TESOURA METÁLICA COM CHAPA DE AÇO, PARAFUSOS CHUMBADORES, FORNECIMENTO E INSTALAÇÃO | C12: UN
A13: CÓDIGO | B13: ITEM | C13: UN | D13: QNT. | E13: MAT. + EQUIP. | F13: MÃO DE OBRA | G13: VALOR UNITÁRIO | J13: VALOR TOTAL
A14: 1319 | B14: CHAPA DE ACO FINA A QUENTE BITOLA MSG 3/16 ", E = 4,75 MM (38,00 KG/M2) | C14: kg | D14: =(0.25*0.25)*38 -> 2.375 | E14: 12.45 | F14: 0 | G14: =E14+F14 -> 12.45 | H14: =E14*D14 -> 29.56875 | I14: =F14*D14 -> 0 | J14: =G14*D14 -> 29.56875
A15: 11977 | B15: CHUMBADOR DE ACO, DIAMETRO 1/2", COMPRIMENTO 75 MM | C15: un | D15: 4 | E15: 12.98 | F15: 0 | G15: =E15+F15 -> 12.98 | H15: =E15*D15 -> 51.92 | I15: =F15*D15 -> 0 | J15: =G15*D15 -> 51.92
A16: 88278 | B16: MONTADOR DE ESTRUTURA METÁLICA COM ENCARGOS COMPLEMENTARES | C16: H | D16: 2 | E16: 5.58 | F16: 17.54 | G16: =E16+F16 -> 23.12 | H16: =E16*D16 -> 11.16 | I16: =F16*D16 -> 35.08 | J16: =G16*D16 -> 46.24
A17: 88316 | B17: SERVENTE COM ENCARGOS COMPLEMENTARES | C17: H | D17: 2 | E17: 6.52 | F17: 13.26 | G17: =E17+F17 -> 19.78 | H17: =E17*D17 -> 13.04 | I17: =F17*D17 -> 26.52 | J17: =G17*D17 -> 39.56
G18: Total | H18: =SUM(H14:H17) -> 105.68875 | I18: =SUM(I14:I17) -> 61.6 | J18: =SUM(J14:J17) -> 167.28875
A20: COMP.02 | B20: FABRICAÇÃO E INSTALAÇÃO DE TERÇA METÁLICA PARA COBERTURA, PERFIL UE 75x25x15x2.65mm - 2.78 kg/m | C20: KG
A21: CÓDIGO | B21: ITEM | C21: UN | D21: QNT. | E21: MAT. + EQUIP. | F21: MÃO DE OBRA | G21: VALOR UNITÁRIO | J21: VALOR TOTAL
A22: 40535 | B22: PERFIL "U" SIMPLES DE ACO GALVANIZADO DOBRADO 75 X *40* MM, E = 2,65 MM | C22: kg | D22: 1 | E22: 13.86 | F22: 0 | G22: =E22+F22 -> 13.86 | H22: =E22*D22 -> 13.86 | I22: =F22*D22 -> 0 | J22: =G22*D22 -> 13.86
A23: 88278 | B23: MONTADOR DE ESTRUTURA METÁLICA COM ENCARGOS COMPLEMENTARES | C23: H | D23: 0.1 | E23: 5.58 | F23: 17.54 | G23: =E23+F23 -> 23.12 | H23: =E23*D23 -> 0.558 | I23: =F23*D23 -> 1.754 | J23: =G23*D23 -> 2.312
A24: 88316 | B24: SERVENTE COM ENCARGOS COMPLEMENTARES | C24: H | D24: 0.1 | E24: 6.52 | F24: 13.26 | G24: =E24+F24 -> 19.78 | H24: =E24*D24 -> 0.652 | I24: =F24*D24 -> 1.326 | J24: =G24*D24 -> 1.978
G25: Total | H25: =SUM(H21:H24) -> 15.07 | I25: =SUM(I21:I24) -> 3.08 | J25: =SUM(J21:J24) -> 18.15
A27: COMP.03 | B27: PANO DE VIDRO, COM VIDRO 8MM | C27: KG
A28: CÓDIGO | B28: ITEM | C28: UN | D28: QNT. | E28: MAT. + EQUIP. | F28: MÃO DE OBRA | G28: VALOR UNITÁRIO | J28: VALOR TOTAL
A29: 5031 | B29: VIDRO TEMPERADO INCOLOR PARA PORTA DE ABRIR, E = 10 MM (SEM FERRAGENS E SEM COLOCACAO) | C29: M² | D29: 1 | E29: 355 | F29: 0 | G29: =E29+F29 -> 355 | H29: =E29*D29 -> 355 | I29: =F29*D29 -> 0 | J29: =G29*D29 -> 355
A30: 94590 | B30: CONTRAMARCO DE ALUMÍNIO, FIXAÇÃO COM PARAFUSO - FORNECIMENTO E INSTALAÇÃO. AF_12/2019 | C30: M | D30: 3 | E30: 14.02 | F30: 3.85 | G30: =E30+F30 -> 17.87 | H30: =E30*D30 -> 42.06 | I30: =F30*D30 -> 11.55 | J30: =G30*D30 -> 53.61
A31: 39421 | B31: PERFIL MONTANTE, FORMATO C, EM ACO ZINCADO, PARA ESTRUTURA PAREDE DRYWALL, E = 0,5 MM, 48 X 3000 MM (L X C) | C31: M | D31: 2.1 | E31: 8.45 | F31: 3.85 | G31: =E31+F31 -> 12.3 | H31: =E31*D31 -> 17.745 | I31: =F31*D31 -> 8.085 | J31: =G31*D31 -> 25.83
A32: 4377 | B32: PARAFUSO DE ACO ZINCADO COM ROSCA SOBERBA, CABECA CHATA E FENDA SIMPLES, DIAMETRO 4,2 MM, COMPRIMENTO * 32 * MM | C32: UN | D32: 17.7 | E32: 0.2 | F32: 0 | G32: =E32+F32 -> 0.2 | H32: =E32*D32 -> 3.54 | I32: =F32*D32 -> 0 | J32: =G32*D32 -> 3.54
A33: 39961 | B33: SILICONE ACETICO USO GERAL INCOLOR 280 G | C33: UN | D33: 0.43 | E33: 19.52 | F33: 0 | G33: =E33+F33 -> 19.52 | H33: =E33*D33 -> 8.3936 | I33: =F33*D33 -> 0 | J33: =G33*D33 -> 8.3936
A34: 88278 | B34: MONTADOR DE ESTRUTURA METÁLICA COM ENCARGOS COMPLEMENTARES | C34: H | D34: 0.55 | E34: 5.58 | F34: 17.54 | G34: =E34+F34 -> 23.12 | H34: =E34*D34 -> 3.069 | I34: =F34*D34 -> 9.647 | J34: =G34*D34 -> 12.716
A35: 88325 | B35: VIDRACEIRO COM ENCARGOS COMPLEMENTARES | C35: H | D35: 0.75 | E35: 6.64 | F35: 18.96 | G35: =E35+F35 -> 25.6 | H35: =E35*D35 -> 4.98 | I35: =F35*D35 -> 14.22 | J35: =G35*D35 -> 19.2
A36: 88316 | B36: SERVENTE COM ENCARGOS COMPLEMENTARES | C36: H | D36: 0.4 | E36: 6.52 | F36: 13.26 | G36: =E36+F36 -> 19.78 | H36: =E36*D36 -> 2.608 | I36: =F36*D36 -> 5.304 | J36: =G36*D36 -> 7.912
G37: Total | H37: =SUM(H29:H36) -> 437.3956 | I37: =SUM(I29:I36) -> 48.806 | J37: =SUM(J29:J36) -> 486.2016
A39: COMP.04 | B39: GRANITO PARA BANCADAS | C39: KG
A40: CÓDIGO | B40: ITEM | C40: UN | D40: QNT. | E40: MAT. + EQUIP. | F40: MÃO DE OBRA | G40: VALOR UNITÁRIO | J40: VALOR TOTAL
A41: 11795 | B41: GRANITO PARA BANCADA, POLIDO, TIPO ANDORINHA/ QUARTZ/ CASTELO/ CORUMBA OU OUTROS EQUIVALENTES DA REGIAO, E= *2,5* CM | C41: M² | D41: 1 | E41: 588.67 | F41: 0 | G41: =E41+F41 -> 588.67 | H41: =E41*D41 -> 588.67 | I41: =F41*D41 -> 0 | J41: =G41*D41 -> 588.67
A42: 1381 | B42: ARGAMASSA COLANTE AC I PARA CERAMICAS | C42: KG | D42: 6.14 | E42: 0.65 | F42: 0 | G42: =E42+F42 -> 0.65 | H42: =E42*D42 -> 3.991 | I42: =F42*D42 -> 0 | J42: =G42*D42 -> 3.991
A43: 4823 | B43: MASSA PLASTICA PARA MARMORE/GRANITO | C43: KG | D43: 0.22 | E43: 33.71 | F43: 0 | G43: =E43+F43 -> 33.71 | H43: =E43*D43 -> 7.4162 | I43: =F43*D43 -> 0 | J43: =G43*D43 -> 7.4162
A44: 88256 | B44: AZULEJISTA OU LADRILHISTA COM ENCARGOS COMPLEMENTARES | C44: H | D44: 0.91 | E44: 0 | F44: 25.32 | G44: =E44+F44 -> 25.32 | H44: =E44*D44 -> 0 | I44: =F44*D44 -> 23.0412 | J44: =G44*D44 -> 23.0412
A45: 88316 | B45: SERVENTE COM ENCARGOS COMPLEMENTARES | C45: H | D45: 0.46 | E45: 0 | F45: 19.78 | G45: =E45+F45 -> 19.78 | H45: =E45*D45 -> 0 | I45: =F45*D45 -> 9.0988 | J45: =G45*D45 -> 9.0988
G46: Total | H46: =SUM(H41:H45) -> 600.0772 | I46: =SUM(I41:I45) -> 32.14 | J46: =SUM(J41:J45) -> 632.2172
A48: COMP.05 | B48: PISO EM GRANILITE | C48: KG
A49: CÓDIGO | B49: ITEM | C49: UN | D49: QNT. | E49: MAT. + EQUIP. | F49: MÃO DE OBRA | G49: VALOR UNITÁRIO | J49: VALOR TOTAL
A50: 3671 | B50: JUNTA PLASTICA DE DILATACAO PARA PISOS, COR CINZA, 17 X 3 MM (ALTURA X ESPESSURA) | C50: M | D50: 1.67 | E50: 2.53 | F50: 0 | G50: =E50+F50 -> 2.53 | H50: =E50*D50 -> 4.2251 | I50: =F50*D50 -> 0 | J50: =G50*D50 -> 4.2251
A51: 4824 | B51: GRANILHA/ GRANA/ PEDRISCO OU AGREGADO EM MARMORE/ GRANITO/ QUARTZO E CALCARIO, PRETO, CINZA, PALHA OU BRANCO | C51: KG | D51: 23.24 | E51: 0.43 | F51: 0 | G51: =E51+F51 -> 0.43 | H51: =E51*D51 -> 9.9932 | I51: =F51*D51 -> 0 | J51: =G51*D51 -> 9.9932
A52: 87298 | B52: ARGAMASSA TRAÇO 1:3 (EM VOLUME DE CIMENTO E AREIA MÉDIA ÚMIDA) PARA CONTRAPISO, PREPARO MECÂNICO COM BETONEIRA 400 L. AF_08/2019 | C52: M3 | D52: 0.0166 | E52: 469.19 | F52: 60.41 | G52: =E52+F52 -> 529.6 | H52: =E52*D52 -> 7.788554 | I52: =F52*D52 -> 1.002806 | J52: =G52*D52 -> 8.79136
A53: 88309 | B53: PEDREIRO COM ENCARGOS COMPLEMENTARES | C53: H | D53: 0.551 | E53: 6.64 | F53: 18.77 | G53: =E53+F53 -> 25.41 | H53: =E53*D53 -> 3.65864 | I53: =F53*D53 -> 10.34227 | J53: =G53*D53 -> 14.00091
A54: 88316 | B54: SERVENTE COM ENCARGOS COMPLEMENTARES | C54: H | D54: 0.275 | E54: 6.52 | F54: 13.26 | G54: =E54+F54 -> 19.78 | H54: =E54*D54 -> 1.793 | I54: =F54*D54 -> 3.6465 | J54: =G54*D54 -> 5.4395
A55: 95276 | B55: POLIDORA DE PISO (POLITRIZ), PESO DE 100KG, DIÂMETRO 450 MM, MOTOR ELÉTRICO, POTÊNCIA 4 HP - CHP DIURNO. AF_09/2016 | C55: CHP | D55: 0.123 | E55: 2.99 | F55: 0 | G55: =E55+F55 -> 2.99 | H55: =E55*D55 -> 0.36777 | I55: =F55*D55 -> 0 | J55: =G55*D55 -> 0.36777
A56: 95277 | B56: POLIDORA DE PISO (POLITRIZ), PESO DE 100KG, DIÂMETRO 450 MM, MOTOR ELÉTRICO, POTÊNCIA 4 HP - CHI DIURNO. AF_09/2016 | C56: CHI | D56: 0.428 | E56: 0.48 | F56: 19.78 | G56: =E56+F56 -> 20.26 | H56: =E56*D56 -> 0.20544 | I56: =F56*D56 -> 8.46584 | J56: =G56*D56 -> 8.67128
G57: Total | H57: =SUM(H50:H54) -> 27.458494 | I57: =SUM(I50:I54) -> 14.991576 | J57: =SUM(J50:J54) -> 42.45007
A59: COMP.06 | B59: CONJUNTO DE BANCOS | C59: UN
A60: CÓDIGO | B60: ITEM | C60: UN | D60: QNT. | E60: MAT. + EQUIP. | F60: MÃO DE OBRA | G60: VALOR UNITÁRIO | H60: MO | I60: MAT | J60: VALOR TOTAL
A61: 20204 | B61: PRANCHAO APARELHADO *7,5 X 23* CM, EM MACARANDUBA, ANGELIM OU EQUIVALENTE DA REGIAO | C61: M | D61: 57 | E61: 106.95 | F61: 0 | G61: =E61+F61 -> 106.95 | H61: =E61*D61 -> 6096.15 | I61: =F61*D61 -> 0 | J61: =G61*D61 -> 6096.15
A62: 10478 | B62: VERNIZ A BASE RESINA ALQUIDICA COM POLIURETANO PARA MADEIRA, COM FILTRO SOLAR, BRILHANTE, USO INTERNO E EXTERNO | C62: L | D62: 10 | E62: 30.14 | F62: 0 | G62: =E62+F62 -> 30.14 | H62: =E62*D62 -> 301.4 | I62: =F62*D62 -> 0 | J62: =G62*D62 -> 301.4
A63: 94963 | B63: CONCRETO FCK = 15MPA, TRAÇO 1:3,4:3,5 (CIMENTO/ AREIA MÉDIA/ BRITA 1) - PREPARO MECÂNICO COM BETONEIRA 400 L. AF_07/2016 | C63: M³ | D63: 0.95 | E63: 281.83 | F63: 50.95 | G63: =E63+F63 -> 332.78 | H63: =E63*D63 -> 267.7385 | I63: =F63*D63 -> 48.4025 | J63: =G63*D63 -> 316.141
A64: 92411 | B64: MONTAGEM E DESMONTAGEM DE FÔRMA DE PILARES RETANGULARES E ESTRUTURAS SIMILARES, PÉ-DIREITO SIMPLES, EM MADEIRA SERRADA, 2 UTILIZAÇÕES. AF_09/2020 | C64: m² | D64: 5.4 | E64: 155.11 | F64: 66.51 | G64: =E64+F64 -> 221.62 | H64: =E64*D64 -> 837.594 | I64: =F64*D64 -> 359.154 | J64: =G64*D64 -> 1196.748
A65: 92777 | B65: ARMAÇÃO DE PILAR OU VIGA DE UMA ESTRUTURA CONVENCIONAL DE CONCRETO ARMADO EM UMA EDIFICAÇÃO TÉRREA OU SOBRADO UTILIZANDO AÇO CA-50 DE 8,0 MM - MONTAGEM. AF_12/2015 | C65: kg | D65: 86 | E65: 13.45 | F65: 3.11 | G65: =E65+F65 -> 16.56 | H65: =E65*D65 -> 1156.7 | I65: =F65*D65 -> 267.46 | J65: =G65*D65 -> 1424.16
A66: 91514 | B66: ESTUCAMENTO DE PANOS DE FACHADA SEM VÃOS DO SISTEMA DE PAREDES DE CONCRETO EM EDIFICAÇÕES DE MÚLTIPLOS PAVIMENTOS. AF_06/2015 | C66: M² | D66: 11.7 | E66: 1.83 | F66: 4.8 | G66: =E66+F66 -> 6.63 | H66: =E66*D66 -> 21.411 | I66: =F66*D66 -> 56.16 | J66: =G66*D66 -> 77.571
A67: 436 | B67: PARAFUSO FRANCES M16 EM ACO GALVANIZADO, COMPRIMENTO = 150 MM, DIAMETRO = 16 MM, CABECA ABAULADA | C67: un | D67: 120 | E67: 6.85 | F67: 0 | G67: =E67+F67 -> 6.85 | H67: =E67*D67 -> 822 | I67: =F67*D67 -> 0 | J67: =G67*D67 -> 822
A68: 88309 | B68: PEDREIRO COM ENCARGOS COMPLEMENTARES | C68: h | D68: 30 | E68: 6.64 | F68: 18.77 | G68: =E68+F68 -> 25.41 | H68: =E68*D68 -> 199.2 | I68: =F68*D68 -> 563.1 | J68: =G68*D68 -> 762.3
D69: Total | H69: =SUM(H61:H68) -> 9702.1935 | I69: =SUM(I61:I68) -> 1294.2765 | J69: =SUM(J61:J68) -> 10996.47
A71: COMP.07 | B71: PAREDE COM PLACAS DE GESSO ACARTONADO (DRYWALL), PARA USO INTERNO, COM CHAPA DE GESSO ACARTONADO, RESISTENTE A UMIDADE (RU), COR VERDE, E = 12,5 MM, 1200 X 2400 MM (L X C), DUAS FACES SIMPLES E ESTRUTURA METÁLICA COM GUIAS SIMPLES, COM VÃOS | C71: m²
A72: CÓDIGO | B72: ITEM | C72: UN | D72: QNT. | E72: MAT. + EQUIP. | F72: MÃO DE OBRA | G72: VALOR UNITÁRIO | J72: VALOR TOTAL
A73: 37586 | B73: PINO DE ACO COM ARRUELA CONICA, DIAMETRO ARRUELA = *23* MM E COMP HASTE = *27* MM (ACAO INDIRETA) | C73: CENTO | D73: 0.0243 | E73: 46.52 | F73: 0 | G73: =E73+F73 -> 46.52 | H73: =E73*D73 -> 1.130436 | I73: =F73*D73 -> 0 | J73: =G73*D73 -> 1.130436
A74: 39417 | B74: PLACA / CHAPA DE GESSO ACARTONADO, RESISTENTE A UMIDADE (RU), COR VERDE, E = 12,5 MM, 1200 X 2400 MM (L X C) | C74: M2 | D74: 2.106 | E74: 24.44 | F74: 0 | G74: =E74+F74 -> 24.44 | H74: =E74*D74 -> 51.47064 | I74: =F74*D74 -> 0 | J74: =G74*D74 -> 51.47064
A75: 39419 | B75: PERFIL GUIA, FORMATO U, EM ACO ZINCADO, PARA ESTRUTURA PAREDE DRYWALL, E = 0,5 MM, 70 X 3000 MM (L X C) | C75: M | D75: 0.76 | E75: 8.7 | F75: 0 | G75: =E75+F75 -> 8.7 | H75: =E75*D75 -> 6.612 | I75: =F75*D75 -> 0 | J75: =G75*D75 -> 6.612
A76: 39422 | B76: PERFIL MONTANTE, FORMATO C, EM ACO ZINCADO, PARA ESTRUTURA PAREDE DRYWALL, E = 0,5 MM, 70 X 3000 MM (L X C) | C76: M | D76: 1.991 | E76: 9.87 | F76: 0 | G76: =E76+F76 -> 9.87 | H76: =E76*D76 -> 19.65117 | I76: =F76*D76 -> 0 | J76: =G76*D76 -> 19.65117
A77: 39431 | B77: FITA DE PAPEL MICROPERFURADO, 50 X 150 MM, PARA TRATAMENTO DE JUNTAS DE CHAPA DE GESSO PARA DRYWALL | C77: M | D77: 2.502 | E77: 0.29 | F77: 0 | G77: =E77+F77 -> 0.29 | H77: =E77*D77 -> 0.72558 | I77: =F77*D77 -> 0 | J77: =G77*D77 -> 0.72558
A78: 39432 | B78: FITA DE PAPEL REFORCADA COM LAMINA DE METAL PARA REFORCO DE CANTOS DE CHAPA DE GESSO PARA DRYWALL | C78: M | D78: 0.74 | E78: 2.56 | F78: 0 | G78: =E78+F78 -> 2.56 | H78: =E78*D78 -> 1.8944 | I78: =F78*D78 -> 0 | J78: =G78*D78 -> 1.8944
A79: 39434 | B79: MASSA DE REJUNTE EM PO PARA DRYWALL, A BASE DE GESSO, SECAGEM RAPIDA, PARA TRATAMENTO DE JUNTAS DE CHAPA DE GESSO (COM ADICAO DE AGUA) | C79: KG | D79: 1.0327 | E79: 3.21 | F79: 0 | G79: =E79+F79 -> 3.21 | H79: =E79*D79 -> 3.314967 | I79: =F79*D79 -> 0 | J79: =G79*D79 -> 3.314967
A80: 39435 | B80: PARAFUSO DRY WALL, EM ACO FOSFATIZADO, CABECA TROMBETA E PONTA AGULHA (TA), COMPRIMENTO 25 MM | C80: UN | D80: 20 | E80: 0.11 | F80: 0 | G80: =E80+F80 -> 0.11 | H80: =E80*D80 -> 2.2 | I80: =F80*D80 -> 0 | J80: =G80*D80 -> 2.2
A81: 39443 | B81: PARAFUSO DRY WALL, EM ACO ZINCADO, CABECA LENTILHA E PONTA BROCA (LB), LARGURA 4,2 MM, COMPRIMENTO 13 MM | C81: UN | D81: 0.8 | E81: 0.27 | F81: 0 | G81: =E81+F81 -> 0.27 | H81: =E81*D81 -> 0.216 | I81: =F81*D81 -> 0 | J81: =G81*D81 -> 0.216
A82: 88278 | B82: MONTADOR DE ESTRUTURA METÁLICA COM ENCARGOS COMPLEMENTARES | C82: H | D82: 0.544 | E82: 5.58 | F82: 17.54 | G82: =E82+F82 -> 23.12 | H82: =E82*D82 -> 3.03552 | I82: =F82*D82 -> 9.54176 | J82: =G82*D82 -> 12.57728
A83: 88316 | B83: SERVENTE COM ENCARGOS COMPLEMENTARES | C83: H | D83: 0.136 | E83: 6.52 | F83: 13.26 | G83: =E83+F83 -> 19.78 | H83: =E83*D83 -> 0.88672 | I83: =F83*D83 -> 1.80336 | J83: =G83*D83 -> 2.69008
D84: Total | G84: Total | H84: =SUM(H73:H83) -> 91.137433 | I84: =SUM(I73:I83) -> 11.34512 | J84: =SUM(J73:J83) -> 102.48255
C88: 88

Sheet CRONOGRAMA - OBRA
B3: (INSERIR LOGOTIPO DA EMPRESA) | D3: INSERIR NOME DA EMPRESA
D4: (INSERIR CNPJ DA EMPRESA)
D5: OBRA : ADEQUAÇÃO PARA ESPAÇO DE INOVAÇÃO NO CLM
D6: Local: Campus Luiz Meneghel, Bandeirantes, PR
D8: (INSERIR NOME DO RESPONSÁVEL TÉCNICO PELA PROPOSTA)
A11: CRONOGRAMA FÍSICO- FINANCEIRO
B12: SERVIÇO/LOCAL | E12: MÊS 1 | G12: MÊS 2 | I12: MÊS 3 | K12: MÊS 4 | M12: MÊS 5 | O12: MÊS 6 | Q12: MÊS 7 | S12: MÊS 8
C13: Valores | D13: % | E13: % | F13: R$ | G13: % | H13: R$ | I13: % | J13: R$ | K13: % | L13: R$ | M13: % | N13: R$ | O13: % | P13: R$ | Q13: % | R13: R$ | S13: % | T13: R$
B14: ADEQUAÇÃO PRÉDIO CENTRAL
A15: 1 | B15: =VLOOKUP(A15,ORÇAMENTO!A14:M442,2,0) -> SERVIÇOS PRELIMINARES | C15: =VLOOKUP(A15,ORÇAMENTO!$A$14:$M$442,13,0) -> 7442.04 | D15: =C15/$C$42 -> 0.006948284 | E15: 1 | F15: =E15*C15 -> 7442.04 | H15: =G15*C15 -> 0 | J15: =I15*C15 -> 0 | L15: =K15*C15 -> 0 | N15: =M15*C15 -> 0 | P15: =O15*C15 -> 0 | R15: =Q15*C15 -> 0 | T15: =S15*C15 -> 0 | U15: =E15+G15+I15+K15+M15+O15+Q15+S15 -> 1
A16: 2 | B16: =VLOOKUP(A16,ORÇAMENTO!A14:M442,2,0) -> DEMOLIÇÕES E RETIRADAS | C16: =VLOOKUP(A16,ORÇAMENTO!$A$14:$M$442,13,0) -> 20564.64 | D16: =C16/$C$42 -> 0.019200241 | E16: 0.7 | F16: =E16*C16 -> 14395.248 | G16: 0.3 | H16: =G16*C16 -> 6169.392 | J16: =I16*C16 -> 0 | L16: =K16*C16 -> 0 | N16: =M16*C16 -> 0 | P16: =O16*C16 -> 0 | R16: =Q16*C16 -> 0 | T16: =S16*C16 -> 0 | U16: =E16+G16+I16+K16+M16+O16+Q16+S16 -> 1
A17: 3 | B17: =VLOOKUP(A17,ORÇAMENTO!A16:M444,2,0) -> CONSTRUÇÕES E REGULARIZAÇÕES | C17: =VLOOKUP(A17,ORÇAMENTO!$A$14:$M$442,13,0) -> 30535.38 | D17: =C17/$C$42 -> 0.028509453 | F17: =E17*C17 -> 0 | G17: 0.75 | H17: =G17*C17 -> 22901.535 | I17: 0.25 | J17: =I17*C17 -> 7633.845 | L17: =K17*C17 -> 0 | N17: =M17*C17 -> 0 | P17: =O17*C17 -> 0 | R17: =Q17*C17 -> 0 | T17: =S17*C17 -> 0 | U17: =E17+G17+I17+K17+M17+O17+Q17+S17 -> 1
A18: 4 | B18: =VLOOKUP(A18,ORÇAMENTO!A16:M444,2,0) -> DIVISÓRIAS E FORRO | C18: =VLOOKUP(A18,ORÇAMENTO!$A$14:$M$442,13,0) -> 65938.17 | D18: =C18/$C$42 -> 0.061563379 | F18: =E18*C18 -> 0 | H18: =G18*C18 -> 0 | J18: =I18*C18 -> 0 | L18: =K18*C18 -> 0 | M18: 1 | N18: =M18*C18 -> 65938.17 | P18: =O18*C18 -> 0 | R18: =Q18*C18 -> 0 | T18: =S18*C18 -> 0 | U18: =E18+G18+I18+K18+M18+O18+Q18+S18 -> 1
A19: 5 | B19: =VLOOKUP(A19,ORÇAMENTO!A18:M446,2,0) -> PISOS E REVESTIMENTOS | C19: =VLOOKUP(A19,ORÇAMENTO!$A$14:$M$442,13,0) -> 71519.28 | D19: =C19/$C$42 -> 0.0667742 | F19: =E19*C19 -> 0 | H19: =G19*C19 -> 0 | J19: =I19*C19 -> 0 | K19: 0.75 | L19: =K19*C19 -> 53639.46 | M19: 0.25 | N19: =M19*C19 -> 17879.82 | P19: =O19*C19 -> 0 | R19: =Q19*C19 -> 0 | T19: =S19*C19 -> 0 | U19: =E19+G19+I19+K19+M19+O19+Q19+S19 -> 1
A20: 6 | B20: =VLOOKUP(A20,ORÇAMENTO!A18:M446,2,0) -> ESQUADRIAS | C20: =VLOOKUP(A20,ORÇAMENTO!$A$14:$M$442,13,0) -> 192105.01 | D20: =C20/$C$42 -> 0.17935944 | F20: =E20*C20 -> 0 | H20: =G20*C20 -> 0 | J20: =I20*C20 -> 0 | L20: =K20*C20 -> 0 | M20: 0.75 | N20: =M20*C20 -> 144078.76 | O20: 0.25 | P20: =O20*C20 -> 48026.253 | R20: =Q20*C20 -> 0 | T20: =S20*C20 -> 0 | U20: =E20+G20+I20+K20+M20+O20+Q20+S20 -> 1
A21: 7 | B21: =VLOOKUP(A21,ORÇAMENTO!A20:M448,2,0) -> PINTURAS | C21: =VLOOKUP(A21,ORÇAMENTO!$A$14:$M$442,13,0) -> 31608.55 | D21: =C21/$C$42 -> 0.029511422 | F21: =E21*C21 -> 0 | H21: =G21*C21 -> 0 | J21: =I21*C21 -> 0 | L21: =K21*C21 -> 0 | N21: =M21*C21 -> 0 | P21: =O21*C21 -> 0 | Q21: 0.75 | R21: =Q21*C21 -> 23706.412 | S21: 0.25 | T21: =S21*C21 -> 7902.1375 | U21: =E21+G21+I21+K21+M21+O21+Q21+S21 -> 1
A22: 8 | B22: =VLOOKUP(A22,ORÇAMENTO!A20:M448,2,0) -> BANCADAS | C22: =VLOOKUP(A22,ORÇAMENTO!$A$14:$M$442,13,0) -> 34819.39 | D22: =C22/$C$42 -> 0.032509233 | F22: =E22*C22 -> 0 | H22: =G22*C22 -> 0 | I22: 1 | J22: =I22*C22 -> 34819.39 | L22: =K22*C22 -> 0 | N22: =M22*C22 -> 0 | P22: =O22*C22 -> 0 | R22: =Q22*C22 -> 0 | T22: =S22*C22 -> 0 | U22: =E22+G22+I22+K22+M22+O22+Q22+S22 -> 1
A23: 9 | B23: =VLOOKUP(A23,ORÇAMENTO!A22:M450,2,0) -> INST. ELÉTRICA | C23: =VLOOKUP(A23,ORÇAMENTO!$A$14:$M$442,13,0) -> 148423.07 | D23: =C23/$C$42 -> 0.13857566 | F23: =E23*C23 -> 0 | H23: =G23*C23 -> 0 | J23: =I23*C23 -> 0 | L23: =K23*C23 -> 0 | N23: =M23*C23 -> 0 | O23: 0.5 | P23: =O23*C23 -> 74211.535 | Q23: 0.5 | R23: =Q23*C23 -> 74211.535 | T23: =S23*C23 -> 0 | U23: =E23+G23+I23+K23+M23+O23+Q23+S23 -> 1
A24: 10 | B24: =VLOOKUP(A24,ORÇAMENTO!A22:M450,2,0) -> INST. HIDROSSANITÁRIAS E GÁS | C24: =VLOOKUP(A24,ORÇAMENTO!$A$14:$M$442,13,0) -> 87309.28 | D24: =C24/$C$42 -> 0.081516583 | F24: =E24*C24 -> 0 | G24: 0.5 | H24: =G24*C24 -> 43654.64 | I24: 0.25 | J24: =I24*C24 -> 21827.32 | L24: =K24*C24 -> 0 | N24: =M24*C24 -> 0 | P24: =O24*C24 -> 0 | R24: =Q24*C24 -> 0 | S24: 0.25 | T24: =S24*C24 -> 21827.32 | U24: =E24+G24+I24+K24+M24+O24+Q24+S24 -> 1
A25: 11 | B25: =VLOOKUP(A25,ORÇAMENTO!A24:M452,2,0) -> ESTRUTURA E COBERTURA | C25: =VLOOKUP(A25,ORÇAMENTO!$A$14:$M$442,13,0) -> 155262.64 | D25: =C25/$C$42 -> 0.14496145 | E25: 0.25 | F25: =E25*C25 -> 38815.66 | G25: 0.2 | H25: =G25*C25 -> 31052.528 | I25: 0.3 | J25: =I25*C25 -> 46578.792 | L25: =K25*C25 -> 0 | N25: =M25*C25 -> 0 | P25: =O25*C25 -> 0 | R25: =Q25*C25 -> 0 | S25: 0.25 | T25: =S25*C25 -> 38815.66 | U25: =E25+G25+I25+K25+M25+O25+Q25+S25 -> 1
A26: 12 | B26: =VLOOKUP(A26,ORÇAMENTO!A24:M452,2,0) -> INST. PREVENÇÃO INCÊNDIO | C26: =VLOOKUP(A26,ORÇAMENTO!$A$14:$M$442,13,0) -> 2076.32 | D26: =C26/$C$42 -> 0.0019385627 | F26: =E26*C26 -> 0 | H26: =G26*C26 -> 0 | J26: =I26*C26 -> 0 | L26: =K26*C26 -> 0 | N26: =M26*C26 -> 0 | P26: =O26*C26 -> 0 | R26: =Q26*C26 -> 0 | S26: 1 | T26: =S26*C26 -> 2076.32 | U26: =E26+G26+I26+K26+M26+O26+Q26+S26 -> 1
A27: 13 | B27: =VLOOKUP(A27,ORÇAMENTO!A26:M454,2,0) -> PÁTIO E PAISAGISMO | C27: =VLOOKUP(A27,ORÇAMENTO!$A$14:$M$442,13,0) -> 53311.64 | D27: =C27/$C$42 -> 0.04977458 | F27: =E27*C27 -> 0 | H27: =G27*C27 -> 0 | J27: =I27*C27 -> 0 | L27: =K27*C27 -> 0 | N27: =M27*C27 -> 0 | P27: =O27*C27 -> 0 | Q27: 0.25 | R27: =Q27*C27 -> 13327.91 | S27: 0.75 | T27: =S27*C27 -> 39983.73 | U27: =E27+G27+I27+K27+M27+O27+Q27+S27 -> 1
A28: 14 | B28: =VLOOKUP(A28,ORÇAMENTO!A26:M454,2,0) -> PASSARELA | C28: =VLOOKUP(A28,ORÇAMENTO!$A$14:$M$442,13,0) -> 25116.89 | D28: =C28/$C$42 -> 0.023450463 | F28: =E28*C28 -> 0 | H28: =G28*C28 -> 0 | J28: =I28*C28 -> 0 | L28: =K28*C28 -> 0 | N28: =M28*C28 -> 0 | O28: 1 | P28: =O28*C28 -> 25116.89 | R28: =Q28*C28 -> 0 | T28: =S28*C28 -> 0 | U28: =E28+G28+I28+K28+M28+O28+Q28+S28 -> 1
A29: 15 | B29: =VLOOKUP(A29,ORÇAMENTO!A28:M456,2,0) -> FINALIZAÇÕES, LIMPEZA E RCC | C29: =VLOOKUP(A29,ORÇAMENTO!$A$14:$M$442,13,0) -> 3775.49 | D29: =C29/$C$42 -> 0.0035249981 | E29: 0.5 | F29: =E29*C29 -> 1887.745 | G29: 0.05 | H29: =G29*C29 -> 188.7745 | I29: 0.05 | J29: =I29*C29 -> 188.7745 | K29: 0.05 | L29: =K29*C29 -> 188.7745 | M29: 0.05 | N29: =M29*C29 -> 188.7745 | O29: 0.05 | P29: =O29*C29 -> 188.7745 | Q29: 0.05 | R29: =Q29*C29 -> 188.7745 | S29: 0.2 | T29: =S29*C29 -> 755.098 | U29: =E29+G29+I29+K29+M29+O29+Q29+S29 -> 1
A31: 16 | B31: =VLOOKUP(A31,ORÇAMENTO!A30:M458,2,0) -> DEMOLIÇÕES E RETIRADAS | C31: =VLOOKUP(A31,ORÇAMENTO!$A$14:$M$442,13,0) -> 3917.35 | D31: =C31/$C$42 -> 0.0036574461 | E31: 1 | F31: =E31*C31 -> 3917.35 | H31: =G31*C31 -> 0 | J31: =I31*C31 -> 0 | L31: =K31*C31 -> 0 | N31: =M31*C31 -> 0 | P31: =O31*C31 -> 0 | R31: =Q31*C31 -> 0 | T31: =S31*C31 -> 0 | U31: =E31+G31+I31+K31+M31+O31+Q31+S31 -> 1
A32: 17 | B32: =VLOOKUP(A32,ORÇAMENTO!A30:M458,2,0) -> CONSTRUÇÕES E REGULARIZAÇÕES | C32: =VLOOKUP(A32,ORÇAMENTO!$A$14:$M$442,13,0) -> 3199.81 | D32: =C32/$C$42 -> 0.0029875126 | F32: =E32*C32 -> 0 | G32: 0.5 | H32: =G32*C32 -> 1599.905 | I32: 0.5 | J32: =I32*C32 -> 1599.905 | L32: =K32*C32 -> 0 | N32: =M32*C32 -> 0 | P32: =O32*C32 -> 0 | R32: =Q32*C32 -> 0 | T32: =S32*C32 -> 0 | U32: =E32+G32+I32+K32+M32+O32+Q32+S32 -> 1
A33: 18 | B33: =VLOOKUP(A33,ORÇAMENTO!A32:M460,2,0) -> DIVISÓRIAS E FORRO | C33: =VLOOKUP(A33,ORÇAMENTO!$A$14:$M$442,13,0) -> 19103.09 | D33: =C33/$C$42 -> 0.01783566 | F33: =E33*C33 -> 0 | H33: =G33*C33 -> 0 | J33: =I33*C33 -> 0 | L33: =K33*C33 -> 0 | M33: 1 | N33: =M33*C33 -> 19103.09 | P33: =O33*C33 -> 0 | R33: =Q33*C33 -> 0 | T33: =S33*C33 -> 0 | U33: =E33+G33+I33+K33+M33+O33+Q33+S33 -> 1
A34: 19 | B34: =VLOOKUP(A34,ORÇAMENTO!A32:M460,2,0) -> PISOS E REVESTIMENTOS | C34: =VLOOKUP(A34,ORÇAMENTO!$A$14:$M$442,13,0) -> 14235.88 | D34: =C34/$C$42 -> 0.013291374 | F34: =E34*C34 -> 0 | H34: =G34*C34 -> 0 | J34: =I34*C34 -> 0 | K34: 0.75 | L34: =K34*C34 -> 10676.91 | M34: 0.25 | N34: =M34*C34 -> 3558.97 | P34: =O34*C34 -> 0 | R34: =Q34*C34 -> 0 | T34: =S34*C34 -> 0 | U34: =E34+G34+I34+K34+M34+O34+Q34+S34 -> 1
A35: 20 | B35: =VLOOKUP(A35,ORÇAMENTO!A34:M462,2,0) -> ESQUADRIAS | C35: =VLOOKUP(A35,ORÇAMENTO!$A$14:$M$442,13,0) -> 21465.23 | D35: =C35/$C$42 -> 0.020041079 | F35: =E35*C35 -> 0 | H35: =G35*C35 -> 0 | J35: =I35*C35 -> 0 | K35: 1 | L35: =K35*C35 -> 21465.23 | N35: =M35*C35 -> 0 | P35: =O35*C35 -> 0 | R35: =Q35*C35 -> 0 | T35: =S35*C35 -> 0 | U35: =E35+G35+I35+K35+M35+O35+Q35+S35 -> 1
A36: 21 | B36: =VLOOKUP(A36,ORÇAMENTO!A34:M462,2,0) -> PINTURAS | C36: =VLOOKUP(A36,ORÇAMENTO!$A$14:$M$442,13,0) -> 10466.21 | D36: =C36/$C$42 -> 0.0097718098 | F36: =E36*C36 -> 0 | H36: =G36*C36 -> 0 | J36: =I36*C36 -> 0 | L36: =K36*C36 -> 0 | N36: =M36*C36 -> 0 | P36: =O36*C36 -> 0 | Q36: 0.3 | R36: =Q36*C36 -> 3139.863 | S36: 0.7 | T36: =S36*C36 -> 7326.347 | U36: =E36+G36+I36+K36+M36+O36+Q36+S36 -> 1
A37: 22 | B37: =VLOOKUP(A37,ORÇAMENTO!A36:M464,2,0) -> BANCADAS | C37: =VLOOKUP(A37,ORÇAMENTO!$A$14:$M$442,13,0) -> 28013.29 | D37: =C37/$C$42 -> 0.026154696 | F37: =E37*C37 -> 0 | H37: =G37*C37 -> 0 | I37: 1 | J37: =I37*C37 -> 28013.29 | L37: =K37*C37 -> 0 | N37: =M37*C37 -> 0 | P37: =O37*C37 -> 0 | R37: =Q37*C37 -> 0 | T37: =S37*C37 -> 0 | U37: =E37+G37+I37+K37+M37+O37+Q37+S37 -> 1
A38: 23 | B38: =VLOOKUP(A38,ORÇAMENTO!A36:M464,2,0) -> INST. ELÉTRICA | C38: =VLOOKUP(A38,ORÇAMENTO!$A$14:$M$442,13,0) -> 25167.4 | D38: =C38/$C$42 -> 0.023497622 | F38: =E38*C38 -> 0 | H38: =G38*C38 -> 0 | J38: =I38*C38 -> 0 | L38: =K38*C38 -> 0 | N38: =M38*C38 -> 0 | O38: 0.5 | P38: =O38*C38 -> 12583.7 | Q38: 0.5 | R38: =Q38*C38 -> 12583.7 | T38: =S38*C38 -> 0 | U38: =E38+G38+I38+K38+M38+O38+Q38+S38 -> 1
A39: 24 | B39: =VLOOKUP(A39,ORÇAMENTO!A38:M466,2,0) -> INST. HIDROSSANITÁRIAS | C39: =VLOOKUP(A39,ORÇAMENTO!$A$14:$M$442,13,0) -> 13323.06 | D39: =C39/$C$42 -> 0.012439117 | F39: =E39*C39 -> 0 | G39: 1 | H39: =G39*C39 -> 13323.06 | J39: =I39*C39 -> 0 | L39: =K39*C39 -> 0 | N39: =M39*C39 -> 0 | P39: =O39*C39 -> 0 | R39: =Q39*C39 -> 0 | T39: =S39*C39 -> 0 | U39: =E39+G39+I39+K39+M39+O39+Q39+S39 -> 1
A40: 25 | B40: =VLOOKUP(A40,ORÇAMENTO!A38:M466,2,0) -> INST. PREVENÇÃO INCÊNDIO | C40: =VLOOKUP(A40,ORÇAMENTO!$A$14:$M$442,13,0) -> 1321.79 | D40: =C40/$C$42 -> 0.0012340934 | F40: =E40*C40 -> 0 | H40: =G40*C40 -> 0 | J40: =I40*C40 -> 0 | L40: =K40*C40 -> 0 | N40: =M40*C40 -> 0 | P40: =O40*C40 -> 0 | R40: =Q40*C40 -> 0 | S40: 1 | T40: =S40*C40 -> 1321.79 | U40: =E40+G40+I40+K40+M40+O40+Q40+S40 -> 1
A41: 26 | B41: =VLOOKUP(A41,ORÇAMENTO!A40:M468,2,0) -> LIMPEZA E RCC | C41: =VLOOKUP(A41,ORÇAMENTO!$A$14:$M$442,13,0) -> 1040.68 | D41: =C41/$C$42 -> 0.00097163414 | E41: 0.5 | F41: =E41*C41 -> 520.34 | G41: 0.05 | H41: =G41*C41 -> 52.034 | I41: 0.05 | J41: =I41*C41 -> 52.034 | K41: 0.05 | L41: =K41*C41 -> 52.034 | M41: 0.05 | N41: =M41*C41 -> 52.034 | O41: 0.05 | P41: =O41*C41 -> 52.034 | Q41: 0.05 | R41: =Q41*C41 -> 52.034 | S41: 0.2 | T41: =S41*C41 -> 208.136 | U41: =E41+G41+I41+K41+M41+O41+Q41+S41 -> 1
B42: TOTAL | C42: =SUM(C15:C41) -> 1071061.6 | D42: =C42/$C$42 -> 1 | E42: =F42*D42/C42 -> 0.062534577 | F42: =SUM(F15:F41) -> 66978.383 | G42: =H42*D42/C42 -> 0.11105045 | H42: =SUM(H15:H41) -> 118941.87 | I42: =J42*D42/C42 -> 0.13137746 | J42: =SUM(J15:J41) -> 140713.35 | K42: =L42*D42/C42 -> 0.080315091 | L42: =SUM(L15:L41) -> 86022.409 | M42: =N42*D42/C42 -> 0.23415985 | N42: =SUM(N15:N41) -> 250799.62 | O42: =P42*D42/C42 -> 0.1495518 | P42: =SUM(P15:P41) -> 160179.19 | Q42: =R42*D42/C42 -> 0.11877023 | R42: =SUM(R15:R41) -> 127210.23 | S42: =T42*D42/C42 -> 0.11224055 | T42: =SUM(T15:T41) -> 120216.54 | U42: =E42+G42+I42+K42+M42+O42+Q42+S42 -> 1
D44: R$ parcial (valor período) | E44: =SUM(F15:F41) -> 66978.383 | G44: =SUM(H15:H41) -> 118941.87 | I44: =SUM(J15:J41) -> 140713.35 | K44: =SUM(L15:L41) -> 86022.409 | M44: =SUM(N15:N41) -> 250799.62 | O44: =SUM(P15:P41) -> 160179.19 | Q44: =SUM(R15:R41) -> 127210.23 | S44: =SUM(T15:T41) -> 120216.54
D45: %_parcial (período) | E45: =SUM(E44/$C$42) -> 0.062534577 | G45: =SUM(G44/$C$42) -> 0.11105045 | I45: =SUM(I44/$C$42) -> 0.13137746 | K45: =SUM(K44/$C$42) -> 0.080315091 | M45: =SUM(M44/$C$42) -> 0.23415985 | O45: =SUM(O44/$C$42) -> 0.1495518 | Q45: =SUM(Q44/$C$42) -> 0.11877023 | S45: =SUM(S44/$C$42) -> 0.11224055
D46: R$_ acumulado | E46: =E44 -> 66978.383 | G46: =E46+G44 -> 185920.25 | I46: =G46+I44 -> 326633.6 | K46: =I46+K44 -> 412656.01 | M46: =K46+M44 -> 663455.63 | O46: =M46+O44 -> 823634.81 | Q46: =O46+Q44 -> 950845.04 | S46: =Q46+S44 -> 1071061.6
D47: %_acumulado | E47: =E45 -> 0.062534577 | G47: =E47+G45 -> 0.17358503 | I47: =G47+I45 -> 0.30496249 | K47: =I47+K45 -> 0.38527758 | M47: =K47+M45 -> 0.61943742 | O47: =M47+O45 -> 0.76898922 | Q47: =O47+Q45 -> 0.88775945 | S47: =Q47+S45 -> 1

Sheet BDI
C3: (INSERIR LOGOTIPO DA EMPRESA) | E3: INSERIR NOME DA EMPRESA
E4: (INSERIR CNPJ DA EMPRESA)
E5: OBRA : ADEQUAÇÃO PARA ESPAÇO DE INOVAÇÃO NO CLM
E6: Local: Campus Luiz Meneghel, Bandeirantes, PR
E8: (INSERIR NOME DO RESPONSÁVEL TÉCNICO PELA PROPOSTA)
A11: COMPOSIÇÃO DO BDI
A12: CUSTO TOTAL DO SERVIÇO (R$)
A13: ITEM | B13: DISCRIMINAÇÃO | E13: VALOR | F13: TAXA (%) | G13: OBSERVAÇÃO | H13: SITUAÇÃO DO INTERVALO ADMISSÍVEL | I13: PARCELAS DO BDI (%)
I14: 1 QUARTIL | J14: MÉDIO | K14: 3 QUARTIL
A15: 1 | B15: AC – ADMINISTRAÇÃO CENTRAL | F15: 0.04 | H15: OK | I15: 0.03 | J15: 0.04 | K15: 0.055
A16: 2 | B16: SG – SEGUROS + GARANTIA | F16: 0.008 | H16: OK | I16: 0.008 | J16: 0.008 | K16: 0.01
A17: 3 | B17: R – RISCOS | F17: 0.0127 | H17: OK | I17: 0.0097 | J17: 0.0127 | K17: 0.0127
A18: 4 | B18: DF – DESPESAS FINANCEIRAS | F18: 0.0123 | H18: OK | I18: 0.0059 | J18: 0.0123 | K18: 0.0139
A19: 5 | B19: L – LUCRO BRUTO | F19: 0.07 | H19: OK | I19: 0.0616 | J19: 0.074 | K19: 0.0896
A20: 6 | B20: I – IMPOSTOS | F20: =SUM(F21:F24) -> 0.1015 | G20: FÓRMULA DO BDI DE ACORDO COM ACÓRDÃO 2.369/2011-TCU- PLENÁRIO
A21: 43836 | B21: PIS | F21: 0.0065
A22: 43867 | B22: COFINS | F22: 0.03
A23: 43896 | B23: ISS (CONFORME LEGISLAÇÃO MUNICIPAL) | F23: 0.02
A24: 43927 | B24: CONTRIB. PREVIDÊNCIA SOBRE RECEITA BRUTA – CPRB | F24: 0.045
A26: TOTAL DO BDI (R$)
A27: PREÇO DE VENDA (R$) | G27: ONDE:
A28: BDI (%) | F28: =ROUND((((1+(F15+F16+F17))*(1+F18)*(1+F19))/(1-F20))-1,4) -> 0.2787 | G28: AC : TAXA DE ADMINISTRAÇÃO CENTRAL
G29: S: TAXA DE SEGURO
A30: Parâmetros do Acórdão 2.622/2013 - Plenário | G30: G: TAXA DE GARANTIAS
A31: Sem CPRB | B31: 0.2034 | C31: 0.2212 | D31: 0.25 | G31: R: TAXA DE RISCOS
A32: Com CPRB | B32: 0.2601 | C32: 0.2787 | D32: 0.3089 | G32: DF: TAXA DE DESPESAS
G33: L: TAXA DE LUCRO
G34: I: TAXA DE INCIDÊNCIA DE IMPOSTOS (PIS, COFINS, ISS, CPRB)
